 Dungeon Crawl Stone Soup version 0.30-a0-1074-g5db6f66fbb (webtiles) character file.

Game seed: 5239863930169157019

3445300 NeonRainbow the Spellbinder (level 27, 197/197 HPs)
             Began as an Octopode Enchanter on Apr 12, 2023.
             Was an Initiate of Gozag.
             Escaped with the Orb
             ... and 6 runes on Apr 13, 2023!
             The game lasted 05:37:37 (100232 turns).

NeonRainbow the Spellbinder (Octopode Enchanter)  Turns: 100232, Time: 05:37:37

Health: 197/197    AC:  8    Str: 22    XL:     27
Magic:  63/63      EV: 48    Int: 37    God:    Gozag
Gold:   14795      SH: 13    Dex: 37    Spells: 23/73 levels left

rFire   + + +      SeeInvis +    B - +9 dagger (spect)
rCold   + + .      Faith    .    L - +3 warlock's mirror {omnireflect}
rNeg    + + +      Spirit   .    C - +3 crown of Dyrovepreva {rElec Int+2 SInv}
rPois   +          Reflect  +    z - amulet of the Endless Expanse {RegenMP +Inv rElec rN+}
rElec   +          Rampage  .    g - +4 ring of slaying
rCorr   .                        j - ring "Illelimp" {Int+5 Dex+6}
Will    ++...                    t - ring of the Past {rF+ AC+4 Dex+4}
Stlth   +++                      U - ring of Syndicalism {Contam rC+ Str+9 Int+5}
HPRegen 0.52/turn                E - ring "Rinabrer" {*Corrode rC+ rN+ MP+9 Int+2}
MPRegen 0.78/turn                u - ring of Satisfaction {rElec rPois MP+9 Int+5 Stlth-}
                                 F - ring of the Jackalope {rPois rF++ rN+ Str+3 Int-3}
                                 W - ring "Keoqorel" {Fly rN+ Str+3 Dex+6}

@: flying, studying 7 skills
A: almost no armour, amphibious, 8 rings, camouflage 1, gelatinous body 1,
(nimble swimmer 1), tentacles, clumsy 1, frail 1, low MP 1, screaming 1, subdued
magic 1
0: Orb of Zot
}: 6/15 runes: decaying, serpentine, slimy, silver, golden, abyssal
a: Renounce Religion, Evoke Invisibility, Potion Petition, Call Merchant, Bribe
Branch


You escaped.
You worshipped Gozag.
Gozag was extremely pleased with you.
You visited 13 branches of the dungeon, and saw 59 of its levels.
You visited the Abyss 3 times.
You completed 1 ziggurat, and saw 27 of its levels.
You also visited: Ossuary, Gauntlet and Wizlab.

You collected 51344 gold pieces.
You spent 5311 gold pieces at shops.
You paid 31238 gold pieces to Gozag.

Inventory:

Hand Weapons
 B - a +9 spectral dagger (weapon)
 M - the +3 greatsling "Punk" {acid, rCorr}
   (You found it on level 20 of a ziggurat)

   rCorr:     It protects you from acid and corrosion.
 R - the +18 lance "Wyrmbane" {slay drac, rPois rF+ rC+ AC+3}
   (You took it off Margery on level 4 of the Vaults)

   AC:        It affects your AC (+3).
   rF:        It protects you from fire.
   rC:        It protects you from cold.
   rPois:     It protects you from poison.
Missiles
 h - 2 throwing nets
 H - 5 curare-tipped darts
Armour
 C - the +3 crown of Dyrovepreva (worn) {rElec Int+2 SInv}
   (You found it on level 23 of a ziggurat)

   Int:       It affects your intelligence (+2).
   rElec:     It insulates you from electricity.
   SInv:      It lets you see invisible.
 L - the +3 warlock's mirror (worn) {omnireflect}
   (You acquired it on level 3 of the Depths)

   Omnireflect: It can block and reflect piercing ranged attacks and magical
   attacks against the wielder's willpower.
Jewellery
 g - a +4 ring of slaying (left tentacle)
 j - the ring "Illelimp" (right tentacle) {Int+5 Dex+6}
   (You found it on level 27 of a ziggurat)

   [ring of dexterity]

   Int:       It affects your intelligence (+5).
   Dex:       It affects your dexterity (+6).
 t - the ring of the Past (on tentacle) {rF+ AC+4 Dex+4}
   (You took it off a green draconian on level 2 of the Realm of Zot)

   [ring of protection]

   AC:        It affects your AC (+4).
   Dex:       It affects your dexterity (+4).
   rF:        It protects you from fire.
 u - the ring of Satisfaction (on tentacle) {rElec rPois MP+9 Int+5 Stlth-}
   (You bought it in a shop on level 1 of the Lair of Beasts)

   [ring of poison resistance]

   Int:       It affects your intelligence (+5).
   rElec:     It insulates you from electricity.
   rPois:     It protects you from poison.
   MP:        It affects your magic capacity (+9).
   Stlth:     It makes you less stealthy.
 z - the amulet of the Endless Expanse (around mantle) {RegenMP +Inv rElec rN+}
   (You found it on level 24 of a ziggurat)

   [amulet of magic regeneration]

   It increases your rate of magic regeneration.
   rElec:     It insulates you from electricity.
   rN:        It protects you from negative energy.
   +Inv:      It lets you turn invisible.
 E - the ring "Rinabrer" (on tentacle) {*Corrode rC+ rN+ MP+9 Int+2}
   (You found it on level 2 of the Elven Halls)

   [ring of protection from cold]

   Int:       It affects your intelligence (+2).
   rC:        It protects you from cold.
   rN:        It protects you from negative energy.
   MP:        It affects your magic capacity (+9).
   *Corrode:  It may corrode you when you take damage.
 F - the ring of the Jackalope (on tentacle) {rPois rF++ rN+ Str+3 Int-3}
   (You found it in a Gauntlet)

   [ring of positive energy]

   Str:       It affects your strength (+3).
   Int:       It affects your intelligence (-3).
   rF:        It greatly protects you from fire.
   rPois:     It protects you from poison.
   rN:        It protects you from negative energy.
 P - a +4 ring of slaying
 T - the ring of Satyriasis {rElec rC+ rCorr Str+2 Int+6}
   (You found it on level 11 of a ziggurat)

   [ring of intelligence]

   Str:       It affects your strength (+2).
   Int:       It affects your intelligence (+6).
   rC:        It protects you from cold.
   rElec:     It insulates you from electricity.
   rCorr:     It protects you from acid and corrosion.
 U - the ring of Syndicalism (on tentacle) {Contam rC+ Str+9 Int+5}
   (You took it off a naga mage on level 1 of the Snake Pit)

   [ring of protection from cold]

   Str:       It affects your strength (+9).
   Int:       It affects your intelligence (+5).
   rC:        It protects you from cold.
   Contam:    It causes magical contamination when unequipped.
 W - the ring "Keoqorel" (on tentacle) {Fly rN+ Str+3 Dex+6}
   (You found it on level 15 of a ziggurat)

   [ring of dexterity]

   Str:       It affects your strength (+3).
   Dex:       It affects your dexterity (+6).
   rN:        It protects you from negative energy.
   Fly:       It grants you flight.
Wands
 l - a wand of digging (25)
 p - a wand of quicksilver (48)
 K - a wand of charming (113)
 Z - a wand of roots (63)
Scrolls
 d - 27 scrolls of teleportation
 i - 15 scrolls of blinking
 q - 27 scrolls of enchant armour
 r - 6 scrolls of torment
 D - 10 scrolls of magic mapping
 I - 24 scrolls of fog
 J - 7 scrolls of silence
 O - 12 scrolls of amnesia
 Q - a scroll of summoning
 S - 14 scrolls of vulnerability
 X - 19 scrolls of enchant weapon
Potions
 a - 4 potions of resistance
 b - 10 potions of invisibility
 c - 24 potions of curing
 f - 7 potions of ambrosia
 k - 19 potions of lignification
 n - 6 potions of berserk rage
 o - 9 potions of might
 s - 9 potions of brilliance
 w - 11 potions of haste
 x - 8 potions of flight
 A - 38 potions of mutation
 N - 3 potions of magic
 V - 5 potions of cancellation
Miscellaneous
 e - a tin of tremorstones (2/2)
 m - a +1 figurine of a ziggurat
 v - a phial of floods
 y - a condenser vane
 G - a phantom mirror
 Y - a lightning rod (4/4)


   Skills:
 + Level 25.8 Fighting
 - Level 10.0 Short Blades
 - Level 12.0 Polearms
 - Level 10.0 Ranged Weapons
 + Level 24.4 Dodging
 + Level 21.6 Stealth
 - Level 10.0 Shields
 + Level 23.8 Spellcasting
 - Level 15.0 Conjurations
 O Level 27 Hexes
 - Level 5.0 Translocations
 + Level 22.4 Transmutations
 - Level 8.0 Earth Magic
 + Level 22.4 Evocations


You had 23 spell levels left.
You knew the following spells:

 Your Spells              Type           Power      Damage    Failure   Level
a - Ensorcelled Hibernat  Hex/Ice        100%       N/A       0%          2
b - Confusing Touch       Hex            100%       N/A       0%          3
c - Tukima's Dance        Hex            100%       N/A       0%          3
d - Dazzling Flash        Conj/Hex       100%       N/A       0%          3
e - Passwall              Tmut/Erth      73%        N/A       0%          2
f - Enfeeble              Hex            56%        N/A       0%          7
g - Summon Mana Viper     Hex/Summ       84%        N/A       1%          5
h - Statue Form           Tmut/Erth      58%        N/A       1%          6
i - Cause Fear            Hex            56%        N/A       0%          4
j - Discord               Hex            56%        N/A       1%          8
k - Blink                 Tloc           100%       N/A       1%          2
l - Yara's Violent Unrav  Hex/Tmut       54%        3d21      0%          5

Your spell library contained the following spells:

 Spells                   Type           Power      Damage    Failure   Level
 Beastly Appendage        Tmut           100%       N/A       0%          1
 Kiss of Death            Conj/Necr      100%       2d13      0%          1
 Magic Dart               Conj           100%       1d8       0%          1
 Shock                    Conj/Air       100%       1d9       0%          1
 Slow                     Hex            100%       N/A       0%          1
 Sting                    Tmut/Pois      100%       1d8       0%          1
 Momentum Strike          Conj/Tloc      100%       3d10      0%          2
 Searing Ray              Conj           100%       2d8       0%          2
 Wereblood                Tmut           100%       N/A       0%          2
 Inner Flame              Hex/Fire       84%        N/A       0%          3
 Portal Projectile        Hex/Tloc       100%       N/A       0%          3
 Spider Form              Tmut/Pois      78%        N/A       0%          3
 Stone Arrow              Conj/Erth      100%       3d13      0%          3
 Summon Guardian Golem    Hex/Summ       84%        N/A       0%          3
 Anguish                  Hex/Necr       42%        N/A       0%          4
 Fulminant Prism          Conj/Hex       50%        3d23      0%          4
 Leda's Liquefaction      Hex/Erth       46%        N/A       0%          4
 Petrify                  Tmut/Erth      88%        N/A       0%          4
 Blade Hands              Tmut           52%        N/A       0%          5
 Irradiate                Conj/Tmut      48%        3d27      0%          5
 Apportation              Tloc           100%       N/A       1%          1
 Freeze                   Ice            100%       1d10      1%          1
 Necrotise                Necr           100%       1d9       1%          1
 Summon Small Mammal      Summ           100%       N/A       1%          1
 Call Imp                 Summ           66%        N/A       1%          2
 Cigotuvi's Dreadful Rot  Necr/Pois/Air  66%        N/A       1%          2
 Lesser Beckoning         Tloc           100%       N/A       1%          2
 Poisonous Vapours        Pois/Air       66%        N/A       1%          2
 Static Discharge         Conj/Air       100%       2-7/arc   1%          2
 Sublimation of Blood     Necr           33%        N/A       1%          2
 Frozen Ramparts          Ice            66%        1d10      1%          3
 Gell's Gravitas          Tloc           58%        N/A       1%          3
 Hailstorm                Conj/Ice       67%        3d14      1%          3
 Ignite Poison            Fire/Tmut/Pois 66%        N/A       1%          3
 Mephitic Cloud           Conj/Pois/Air  58%        N/A       1%          3
 Ozocubu's Armour         Ice            33%        N/A       1%          3
 Swiftness                Air            33%        N/A       1%          3
 Teleport Other           Tloc           58%        N/A       1%          3
 Vampiric Draining        Necr           33%        2d8       1%          3
 Vhi's Electric Charge    Tloc/Air       96%        N/A       1%          3
 Volatile Blastmotes      Fire/Tloc      96%        2d18      1%          3
 Flame Wave               Conj/Fire      67%        2d15      1%          4
 Ice Form                 Ice/Tmut       78%        N/A       1%          4
 Iskenderun's Mystic Bla  Conj/Tloc      74%        2d15      1%          4
 Manifold Assault         Tloc           58%        N/A       1%          4
 Passage of Golubria      Tloc           58%        N/A       1%          4
 Sticky Flame             Conj/Fire      67%        2d8       1%          4
 Alistair's Intoxication  Tmut/Pois      52%        N/A       1%          5
 Arcjolt                  Conj/Air       33%        1d43      1%          5
 Fireball                 Conj/Fire      33%        3d14      1%          5
 Freezing Cloud           Conj/Ice/Air   29%        6-21      1%          5
 Iskenderun's Battlesphe  Conj           87%        2d13      1%          5
 Lee's Rapid Deconstruct  Erth           34%        3d17*     1%          5
 Metabolic Englaciation   Hex/Ice        42%        N/A       1%          5
 Silence                  Hex/Air        42%        N/A       1%          5
 Eringya's Noxious Bog    Tmut/Pois      39%        N/A       1%          6
 Iron Shot                Conj/Erth      39%        9d8       1%          6
 Dragon Form              Tmut           52%        N/A       1%          7
 Orb of Destruction       Conj           43%        9d12      1%          7
 Borgnjor's Vile Clutch   Necr/Erth      27%        N/A       2%          5
 Conjure Ball Lightning   Conj/Air       33%        3x3d11    3%          6
 Starburst                Conj/Fire      33%        6d10      3%          6
 Airstrike                Air            16%        2d(3-19)  4%          4
 Dispel Undead            Necr           33%        3d14      4%          4
 Olgreb's Toxic Radiance  Pois           33%        N/A       4%          4
 Summon Ice Beast         Ice/Summ       33%        N/A       4%          4
 Summon Lightning Spire   Summ/Air       33%        N/A       4%          4
 Summon Forest            Summ/Tloc      24%        N/A       4%          5
 Storm Form               Tmut/Air       39%        N/A       4%          7
 Dispersal                Tloc           29%        N/A       10%         6
 Agony                    Necr           33%        N/A       14%         5
 Spellforged Servitor     Conj/Summ      33%        N/A       21%         7
 Lehudib's Crystal Spear  Conj/Erth      39%        10d10     32%         8
 Necromutation            Tmut/Necr      39%        N/A       34%         8
 Death Channel            Necr           16%        N/A       63%         6
 Plasma Beam              Fire/Air       16%        2x1d30    63%         6
 Haunt                    Necr/Summ      16%        N/A       99%         7
 Monstrous Menagerie      Summ           16%        N/A       99%         7
 Ozocubu's Refrigeration  Ice            16%        4d11      99%         7
 Summon Hydra             Summ           16%        N/A       99%         7
 Disjunction              Tloc           29%        N/A       99%         8
 Borgnjor's Revivificati  Necr           16%        N/A       100%        8
 Ignition                 Fire           16%        3d7       100%        8
 Infestation              Necr           16%        N/A       100%        8
 Maxwell's Capacitive Co  Air            16%        ∞         100%        8
 Chain Lightning          Conj/Air       33%        3d44      100%        9
 Death's Door             Necr           16%        N/A       100%        9
 Dragon's Call            Summ           16%        N/A       100%        9
 Fire Storm               Conj/Fire      33%        8d9       100%        9
 Shatter                  Erth           34%        3d27*     100%        9
 Animate Armour           Summ/Erth      Unusable   N/A       N/A         4
 Animate Dead             Necr           Unusable   N/A       N/A         4
 Simulacrum               Ice/Necr       Unusable   N/A       N/A         6

Dungeon Overview and Level Annotations

Branches:
Dungeon (15/15)            Temple (1/1) D:7            Lair (5/5) D:8
  Swamp (4/4) Lair:2        Snake (4/4) Lair:3        Slime (5/5) Lair:5
    Orc (2/2) D:10            Elf (3/3) Orc:2        Vaults (5/5) D:14
  Crypt (3/3) Vaults:2       Tomb (3/3) Crypt:3      Depths (4/4) D:15
    Zot (5/5) Depths:4    Ossuary (visited)          WizLab (visited)
Gauntlet (visited)

Altars:
Ashenzari
Cheibriados
Dithmenos
Elyvilon
Fedhas
Gozag
Hepliaklqana
Kikubaaqudgha
Makhleb
Nemelex Xobeh
Okawaru
Qazlal
Ru
Sif Muna
Trog
Uskayaw
Vehumet
Wu Jian
Xom
Yredelemnul
Zin
The Shining One
Jiyva
Lugonu

Shops:
D:5 *   D:6 (   D:8 [((   D:9 [   D:12 *   Orc:2 :([:   Elf:1 [   Elf:3 *
Lair:1 [=(*?*(=[*=?([   Snake:2 :=:   Vaults:1 (   Vaults:4 [?(

Portals:
Hell: Depths:1 Depths:2 Depths:3* Depths:4
Abyss: Depths:1 Depths:2 Depths:3
Pandemonium: Depths:2


Innate Abilities, Weirdness & Mutations

You cannot wear most types of armour.
You are amphibious.
You can wear up to eight rings at the same time.
Your skin changes colour to match your surroundings (Stealth+).
Your rubbery body absorbs attacks. (AC +1, EV +1)
((You are camouflaged when in or above water. (Stealth+)))
You have tentacles for arms and can constrict up to eight enemies at once.
You are clumsy. (Dex -2)
You are frail. (-10% HP)
Your magical capacity is low. (-10% MP)
You occasionally shout uncontrollably at your foes.
Your spells are a little easier to cast, but a little less powerful.


Message History

You puncture the reaper!
You squeeze the reaper, but do no damage.
The reaper is heavily wounded.
You constrict the reaper, but do no damage.
You hit the reaper but do no damage. You squeeze the reaper!
The reaper is severely wounded.
You constrict the reaper.
The reaper hits you with a +3 heavy scythe!!
You hit the reaper but do no damage.
You squeeze the reaper, but do no damage.
The reaper is severely wounded.
You constrict the reaper. You puncture the reaper! You squeeze the reaper!
You kill the reaper!
No target in view!
No target in view!
You now have 14795 gold pieces (gained 6).
You see here a +3 heavy scythe.
(D) Dungeon (T) Temple (L) Lair (S) Swamp (P) Snake Pit (M) Slime Pits (O) Orcish Mines (E) Elven Halls (V) Vaults (C) Crypt (W) Tomb (U) Depths (H) Hell (Z) Zot
Where to? (Enter - D:1, ? - help)
There is a stone staircase leading up here.
You fly upwards.
There is a stone staircase leading down here.
There is an open door here.
There is a stone staircase leading up here.
You fly upwards.
There is a stone staircase leading down here.
There is an escape hatch in the floor here.
There is a stone staircase leading up here.
You fly upwards.
There is a stone staircase leading down here.
HP restored.
There is a stone staircase leading up here.
You fly upwards.
There is a stone staircase leading down here.
There is a staircase leading out of the dungeon here.
You have escaped!

######.#..⌠.......#...###
##.. #.##...#..######.#
##.. #.######### #'##
#..# #.# ##'# ###.. #.#
#######.... #.#
##....#..... #.#
########.##.....### #.#
##...##..)###...## # #.#
#..@..##..#..#..## # #.#
#.....###..###...###
#####.#
##...####...###.....
#[....# #..#####...##
##.... #.....#
#..####...## ##..#
#.....# ##...##..##
###... #####.# #.#....##
###..##. #.# #######'##
#..#..#. #.###...####'##
##.###...


There were no monsters in sight!

Vanquished Creatures
  the Royal Jelly (Slime:5)
  A pandemonium lord (Zig:9)
  10 ancient liches
  13 dread liches
  3 orbs of fire (Zot:5)
  The ghost of Oriecen the Ruinous, a master DsEE of Vehumet (Zot:4)
  Mara (Vaults:5)
  5 juggernauts
  The ghost of Sackuas the Slayer, a veteran OgBe of Trog (Zot:4)
  The ghost of Benajun the Slayer, a veteran OgBe of Trog (Zot:4)
  The ghost of Ugheugew the Conqueror, a master FoFi of Ru (Zot:4)
  37 royal mummies
  Bai Suzhen (Crypt:2)
  Frederick (Crypt:2)
  Parghit (Zot:4)
  5 Killer Klowns
  Saint Roka (Elf:2)
  the Lernaean hydra (Swamp:4)
  Vashnia (Snake:4)
  A shard shrike (Zig:21)
  Xtahua (Vaults:5)
  A caustic shrike (Depths:4)
  5 curse toes
  36 golden dragons
  A profane servitor (Zig:18)
  2 doom hounds
  4 bone dragons
  8 electric golems
  2 hellephants (Zig:18)
  2 Tzitzimimeh
  3 Ice Fiends
  A Hell Sentinel (Depths:3)
  Zenata (Vaults:4)
  Jorgrun (Orc:1)
  14 tentacled monstrosities
  10 liches
  2 deep elf blademasters
  16 Orb Guardians
  10 quicksilver dragons
  A tainted leviathan (Zig:7)
  18 acid blobs
  15 titans
  Grunn (Crypt:2)
  3 deep elf master archers
  9 ancient champions
  13 sphinxes
  9 tengu reavers
  4 death cobs
  The ghost of Pileu the Eclecticist, an adept DsFE of Sif Muna (Vaults:2)
  The ghost of math4jedi the Warrior, an adept MiBe of Trog (Swamp:1)
  3 thorn hunters (Swamp:3)
  7 tentacled starspawn
  16 storm dragons
  9 shadow dragons
  A draconian monk (Zig:8)
  Roxanne (Swamp:3)
  Kirke (Swamp:1)
  7 nagarajas
  6 azure jellies
  3 daevas
  Donald (Snake:4)
  7 rockslimes
  2 fenstrider witches
  2 revenants
  4 fire giants
  3 narguns (Zig:21)
  10 deep elf sorcerers
  6 draconian knights
  6 ghost moths
  4 draconian scorchers
  Aizul (Snake:4)
  12 frost giants
  Louise (Snake:4)
  11 vault wardens
  A quicksilver elemental (Zig:18)
  4 emperor scorpions
  2 draconian shifters (Depths:4)
  An iron dragon (Vaults:5)
  4 balrugs
  A juggernaut zombie (Zig:13)
  An angel (Abyss:3)
  2 demonspawn corrupters (WizLab)
  2 cacodemons (Zot:4)
  13 quicksilver oozes
  3 draconian annihilators
  5 reapers
  6 ghouls
  3 war gargoyles
  5 orc warlords
  4 caustic shrike skeletons (Crypt:3)
  8 ironbound preservers
  3 deep elf demonologists
  12 vampire knights
  5 ironbound thunderhulks
  9 stone giants
  The ghost of Zakkuatt the Severer, a journeyman HOFi of Beogh (D:13)
  4 spriggan defenders
  19 very ugly things
  4 green draconians
  A minotaur (Gauntlet)
  6 deep elf annihilators
  5 eleionomae
  5 lorocyprocas
  5 purple draconians
  5 red draconians
  8 bennus
  5 spark wasps
  2 wendigos (Zig:21)
  7 eidola
  Azrael (Orc:2)
  6 white draconians
  3 black draconians
  5 bunyips
  A dire elephant (Vaults:3)
  An iron golem (Zig:2)
  4 yellow draconians
  A merfolk javelineer (Zig:23)
  11 jiangshi
  5 deep elf death magi
  2 blizzard demons (Abyss:4)
  Josephine (D:11)
  6 ettins
  Snorg (D:11)
  20 mummy priests
  2 deep elf high priests
  A quicksilver dragon zombie (Abyss:1)
  6 fire dragons
  10 green deaths
  4 entropy weavers
  2 shambling mangroves (Zig:25)
  13 great orbs of eyes
  15 yaktaur captains
  3 ice dragons
  2 quicksilver dragon skeletons
  4 rakshasas
  3 salamander tyrants (Snake:4)
  6 vault guards
  4 ironbound frosthearts
  4 catoblepae
  11 centaur warriors
  A ghost crab (Swamp:2)
  23 hydras
  6 anacondas
  13 spriggan air magi
  2 spriggan skeletons (Tomb:1)
  A merfolk aquamancer (WizLab)
  2 ogre magi
  A bennu zombie (Crypt:3)
  4 boulder beetles
  A satyr (Zig:23)
  7 death yaks
  9 two-headed ogres
  A two-headed ogre (shapeshifter) (Zig:27)
  3 alligators
  2 death knights
  A deep troll earth mage (Depths:1)
  4 tengu warriors
  A death yak (shapeshifter) (Vaults:5)
  2 deep troll shamans
  39 death scarabs
  8 thrashing horrors
  19 naga sharpshooters
  13 naga warriors
  5 spriggan berserkers
  25 dancing weapons
  6 vampire magi
  A hell hog (Zot:2)
  15 shock serpents
  2 orc high priests
  4 sun demons
  A hell knight (Vaults:4)
  3 soul eaters (Crypt:1)
  A storm dragon zombie (Vaults:4)
  Nergalle (Orc:2)
  5 shadow wraiths
  A crystal echidna (Zig:2)
  2 skysharks
  11 iron trolls
  5 titan skeletons (Crypt:3)
  17 spriggans
  4 sixfirhies
  A fire crab (Gauntlet)
  6 wretched stars
  A spectral human (Vaults:2)
  3 golden dragon zombies
  A pharaoh ant (Zig:17)
  6 salamander mystics
  28 skeletal warriors
  5 goliath frogs
  14 deep elf knights
  3 flayed ghosts
  A spark wasp zombie (Depths:1)
  A spectral anaconda (Snake:2)
  A spatial maelstrom (Abyss:4)
  2 death drakes (Zig:25)
  22 deep trolls
  A shadow demon (Depths:3)
  3 golden dragon skeletons (Zig:16)
  12 wizards
  13 swamp dragons
  2 sea snakes (Zig:23)
  An orb spider (shapeshifter) (Vaults:5)
  2 steelbarb worms (Zig:17)
  2 anaconda skeletons (Crypt:3)
  4 bunyip skeletons (Crypt:3)
  5 obsidian statues
  A swamp dragon (shapeshifter) (D:13)
  6 naga ritualists
  7 ironbound convokers
  9 glowing orange brains
  3 spriggan druids
  3 orange crystal statues
  A tengu zombie (Depths:1)
  3 deep elf archers
  4 bog bodies
  26 deep elf pyromancers
  22 deep elf zephyrmancers
  5 lindwurms
  11 harpies
  7 necromancers
  A steelbarb worm (shapeshifter) (Zig:27)
  10 phantasmal warriors
  10 mana vipers
  A sphinx zombie (Zig:16)
  38 ugly things
  4 orc knights
  2 fire giant zombies
  7 orc sorcerers
  An iron dragon zombie (Vaults:4)
  21 moths of wrath
  2 shadow dragon skeletons
  A moth of wrath (shapeshifter) (Zig:27)
  A wolf spider (Gauntlet)
  5 worldbinders
  An oklob plant (Lair:5)
  6 will-o-the-wisps
  6 manticores
  An orc zombie (Abyss:1)
  2 tengu skeletons
  An elephant (shapeshifter) (Zig:24)
  3 shining eyes
  Maurice (Orc:1)
  7 elephants (Lair:5)
  4 cyclopes
  29 black mambas
  A rust devil (Abyss:3)
  5 guardian serpents
  6 centaur skeletons
  8 smoke demons
  A torpor snail (shapeshifter) (Zig:5)
  2 apocalypse crabs
  4 eyes of devastation (Slime:5)
  22 salamanders
  A demonic crawler (Zig:17)
  4 orange demons
  4 gargoyles
  2 water nymphs
  A spectral sea snake (Snake:2)
  12 naga magi
  A frost giant skeleton (Crypt:1)
  8 vault sentinels
  2 dire elephant skeletons
  3 spriggan zombies
  An alligator snapping turtle zombie (Tomb:3)
  8 ice statues
  7 cane toads
  4 rime drakes
  2 unseen horrors (D:11)
  An unseen horror (shapeshifter) (D:15)
  A steelbarb worm zombie (Crypt:2)
  6 freezing wraiths
  4 torpor snails
  An alligator snapping turtle skeleton (Crypt:2)
  2 hellions
  5 tengu conjurers
  2 tormentors
  3 efreet
  12 komodo dragons
  24 yaktaurs
  A golden dragon simulacrum (Depths:3)
  35 guardian mummies
  An iron troll skeleton (Crypt:2)
  A purple draconian skeleton (Crypt:3)
  4 spectral nagas (Snake:2)
  A wind drake (Zig:23)
  A death drake zombie (Crypt:3)
  3 merfolk (Zig:23)
  7 polar bears
  14 trolls
  6 ancient zymes
  12 tyrant leeches
  2 merfolk (shapeshifter)
  22 hornets
  2 spectral guardian serpents (Snake:2)
  A harpy zombie (Crypt:3)
  A sphinx simulacrum (Zig:21)
  2 harpy skeletons (Crypt:3)
  A raiju (shapeshifter) (D:14)
  A tarantella (shapeshifter) (D:14)
  20 blink frogs
  A blink frog (shapeshifter) (D:13)
  A death drake skeleton (Crypt:1)
  16 dream sheep
  3 hellwings (Depths:2)
  15 raiju
  A tarantella zombie (Crypt:1)
  A slime creature (shapeshifter) (Depths:2)
  A culicivora zombie (Crypt:2)
  An ettin zombie (Crypt:3)
  39 slime creatures
  27 large abominations
  3 centaur simulacra
  3 shadows
  8 air elementals (Zig:22)
  30 flying skulls
  3 jumping spiders
  5 wyverns
  3 ettin skeletons
  A jumping spider (shapeshifter) (Zig:27)
  19 small abominations
  54 yaks
  10 water elementals
  8 wraiths
  9 fire bats
  Eustachio (D:4)
  2 hogs (Swamp:1)
  A human (shapeshifter) (Zig:27)
  5 ynoxinuls
  A fire elemental (Orc:2)
  10 golden eyes
  4 basilisks
  6 chaos spawn
  A steam dragon (D:7)
  11 ushabtiu
  A hog (shapeshifter) (D:14)
  5 redbacks
  14 vampire mosquitoes
  10 neqoxecs
  3 sea snake simulacra (Snake:2)
  4 wargs
  A glowing shapeshifter zombie (Depths:1)
  A naga zombie (Tomb:1)
  10 swamp worms
  34 nagas
  11 hell hounds
  2 swamp worms (shapeshifter)
  3 acid dragons
  A floating eye (Zot:3)
  10 water moccasins
  2 sky beasts
  9 swamp drakes
  2 black bears
  4 guardian serpent simulacra (Snake:2)
  32 orc warriors
  12 ice beasts
  6 ogres
  11 centaurs
  A tengu (shapeshifter) (Zig:27)
  18 wolves
  2 blink frog zombies
  3 kobold brigands
  A human zombie (Vaults:4)
  7 bullfrogs
  2 earth elementals
  A gnoll sergeant (D:10)
  2 necrophages
  4 naga simulacra (Snake:2)
  A cyclops skeleton (Crypt:3)
  24 wights
  14 killer bees
  A killer bee (shapeshifter) (Vaults:5)
  A shapeshifter zombie (Crypt:1)
  5 electric eels (Lair:3)
  3 howler monkeys
  3 quasits
  A wyvern simulacrum (Gauntlet)
  A hound (D:7)
  21 orc priests
  16 starcursed masses
  2 iron imps
  A sleepcap (D:7)
  A basilisk skeleton (Crypt:3)
  7 iguanas
  23 orc wizards
  Natasha (thrice) (D:4)
  4 naga skeletons
  A boggart simulacrum (Gauntlet)
  35 mummies
  20 gnolls
  4 adders
  2 shadow imps
  5 white imps
  2 ufetubi
  3 worms
  A dart slug (D:4)
  108 orcs
  6 endoplasms
  3 giant cockroaches
  13 goblins
  8 hobgoblins
  2 jackals
  12 kobolds
  7 quokkas
  8 ball pythons
  5 bats
  3 frilled lizards
  11 gnoll skeletons (Ossuary)
  3 kobold skeletons (Ossuary)
  11 orc skeletons (Ossuary)
  A quokka skeleton (Crypt:2)
  8 rats
  A fire vortex (Depths:3)
  3 lurking horrors
  3 starspawn tentacles
2682 creatures vanquished.

Vanquished Creatures (collateral kills)
  Dissolution (Slime:4)
  7 dread liches
  3 ancient liches
  9 juggernauts
  The ghost of Sackuas the Slayer, a veteran OgBe of Trog (Zot:4)
  3 royal mummies
  Margery (Vaults:4)
  2 caustic shrikes (Depths:4)
  7 golden dragons
  4 bone dragons
  An electric golem (Zig:22)
  2 doom hounds (Crypt:2)
  3 Tzitzimimeh
  A Brimstone Fiend (Zig:9)
  7 tentacled monstrosities
  A walking earthen tome (Depths:3)
  7 Ice Fiends
  9 Orb Guardians (Zot:5)
  10 titans
  A deep elf blademaster (Zig:15)
  2 liches
  A deep elf master archer (Zig:15)
  6 ancient champions
  8 sphinxes
  3 death cobs
  A tentacled starspawn (Zig:18)
  7 acid blobs
  7 tengu reavers
  3 storm dragons
  4 nagarajas
  A revenant (Crypt:3)
  7 azure jellies
  4 shadow dragons
  4 rockslimes
  A fire giant (Zig:24)
  A demonspawn warmonger (Zig:9)
  A draconian scorcher (Zig:8)
  6 narguns (Zig:21)
  9 vault wardens
  3 deep elf sorcerers
  2 iron dragons
  8 frost giants
  A deep elf elementalist (Elf:3)
  5 ghouls
  2 draconian shifters
  4 cacodemons
  3 draconian stormcallers
  A demonspawn corrupter (WizLab)
  2 draconian annihilators (Zot:2)
  A spriggan defender (Depths:4)
  3 ironbound thunderhulks
  3 orc warlords (Zig:26)
  13 ironbound preservers
  3 reapers
  4 quicksilver oozes
  16 very ugly things
  7 deep elf demonologists
  4 vampire knights
  7 stone giants
  5 green draconians
  3 black draconians
  5 red draconians
  4 wendigos (Zig:21)
  A putrid mouth (Zig:7)
  6 deep elf annihilators
  6 purple draconians
  4 yellow draconians
  2 bunyips
  6 white draconians
  2 green deaths (Zig:25)
  11 mummy priests
  2 yaktaur captains (Vaults:5)
  3 eidola
  An ettin (shapeshifter) (Zig:4)
  3 merfolk impalers (Zig:23)
  3 fire dragons
  2 merfolk javelineers (Zig:23)
  6 ettins
  8 jiangshi
  3 deep elf death magi
  31 vault guards
  A shambling mangrove (Zig:25)
  5 great orbs of eyes
  2 deep elf high priests
  A rakshasa (Depths:3)
  7 spriggan air magi (Depths:3)
  3 hydras (Zig:25)
  2 ice dragons
  4 centaur warriors (Vaults:1)
  2 anacondas (Zig:19)
  A merfolk avatar (Zig:23)
  2 ogre magi (Depths:3)
  4 salamander tyrants
  2 alligator snapping turtles (Zig:23)
  3 ironbound frosthearts
  7 merfolk aquamancers (Zig:23)
  4 death knights
  A two-headed ogre (Zig:12)
  A deep troll shaman (Depths:3)
  3 alligators
  45 death scarabs
  A tengu warrior (Depths:2)
  4 dancing weapons
  2 naga warriors (Zig:19)
  7 deep troll earth magi
  10 orc high priests
  7 vampire magi
  A shock serpent (Snake:4)
  2 spriggans
  2 hell hogs (Zot:2)
  5 deep elf knights
  A storm dragon zombie (Zig:16)
  3 sun demons (Abyss:4)
  2 hell knights (Vaults:4)
  A shock serpent (shapeshifter) (D:13)
  A soul eater (Crypt:1)
  2 shadow wraiths (Zig:11)
  3 wretched stars
  2 naga sharpshooters
  15 skeletal warriors
  2 goliath frogs (Swamp:1)
  A sixfirhy (Depths:3)
  A titan skeleton (Zig:13)
  2 sun moths (Zig:17)
  A sea snake (shapeshifter) (Depths:3)
  A spatial maelstrom (Zig:18)
  A spriggan druid (Zig:25)
  5 iron trolls
  A salamander mystic (Zig:19)
  5 sea snakes (Zig:23)
  3 glowing orange brains
  An orb spider (Zig:6)
  28 deep trolls
  3 large abominations
  4 death drakes (Zig:25)
  2 naga ritualists
  2 obsidian statues
  2 flayed ghosts
  6 deep elf archers
  7 ironbound convokers
  A lindwurm (Vaults:1)
  6 harpies
  4 bog bodies
  2 orange crystal statues
  4 wizards
  4 necromancers
  2 steelbarb worms
  10 phantasmal warriors
  An anaconda skeleton (Crypt:1)
  7 deep elf pyromancers
  3 orc knights
  A wolf spider (shapeshifter) (Depths:3)
  14 ugly things
  2 manticores (Zig:23)
  11 deep elf zephyrmancers
  4 shining eyes
  3 fauns (Zig:23)
  3 wolf spiders
  6 orc sorcerers
  4 mana vipers
  2 salamanders
  2 will-o-the-wisps
  3 worldbinders
  13 moths of wrath
  8 black mambas
  6 eyes of devastation
  4 merfolk sirens (Zig:23)
  A dire elephant zombie (Tomb:1)
  3 water nymphs (Zig:23)
  2 guardian serpents (Zig:19)
  2 naga magi (Zig:19)
  2 torpor snails (Zig:17)
  2 orange demons (Zot:4)
  11 vault sentinels
  A demonic crawler (Zig:6)
  3 smoke demons
  2 freezing wraiths
  3 hellions
  19 yaktaurs
  2 tormentors
  A minotaur zombie (Crypt:3)
  A white draconian skeleton (Crypt:3)
  10 guardian mummies
  A red devil (Zot:4)
  A merfolk (shapeshifter) (Depths:3)
  An ancient zyme (Zig:18)
  A golden dragon simulacrum (Zig:21)
  A hornet (Depths:3)
  A bloated husk (Zig:25)
  9 merfolk (Zig:23)
  A hydra zombie (Crypt:2)
  2 tyrant leeches (Swamp:1)
  2 wind drakes (Zig:23)
  A tarantella (Zig:17)
  A harpy skeleton (Tomb:2)
  2 hellwings (Depths:2)
  2 trolls
  A blink frog (shapeshifter) (D:13)
  A sphinx simulacrum (Depths:2)
  8 raiju
  5 snapping turtles (Zig:23)
  A fire dragon zombie (Crypt:3)
  A jumping spider zombie (Crypt:3)
  An iron dragon simulacrum (Depths:2)
  50 slime creatures
  16 flying skulls
  A spriggan (shapeshifter) (Zig:24)
  2 jumping spiders
  6 water elementals (Zig:23)
  A wraith (Crypt:1)
  2 ynoxinuls (Zig:18)
  4 air elementals
  A culicivora (Zig:6)
  2 fire bats
  7 ushabtiu
  7 starcursed masses (Zig:18)
  A black mamba skeleton (Crypt:3)
  5 neqoxecs
  3 golden eyes
  A fire elemental (Zig:15)
  3 redbacks
  A golden eye (shapeshifter) (Zig:24)
  6 nagas (Zig:19)
  5 wargs
  An acid dragon (shapeshifter) (D:13)
  An ice beast (shapeshifter) (Zig:24)
  20 orc warriors
  9 ogres
  A boggart (shapeshifter) (D:13)
  An earth elemental (Zig:15)
  A scorpion (shapeshifter) (Zig:27)
  2 necrophages
  7 wights
  A troll zombie (Crypt:3)
  A killer bee (shapeshifter) (D:13)
  A yak skeleton (Crypt:1)
  A bullfrog zombie (Crypt:1)
  A wolf skeleton (Crypt:2)
  5 orc priests
  A gnoll bouda (Zig:26)
  3 orc wizards (Zig:26)
  42 mummies
  A gnoll (D:3)
  A steam dragon zombie (Crypt:1)
  7 orcs
  A quokka skeleton (Crypt:2)
  A starspawn tentacle (Zig:18)
1087 creatures vanquished.

Vanquished Creatures (others)
  The ghost of Oriecen the Ruinous, a master DsEE of Vehumet (Zot:4)
  The ghost of Cemmere the Wrestler, a veteran TrCK of Xom (Zot:4)
  A caustic shrike (Depths:4)
  A golden dragon (Zig:25)
  A bone dragon (Zig:18)
  A tentacled monstrosity (Zot:2)
  5 Orb Guardians (Zot:5)
  A deep elf blademaster (Elf:3)
  4 ancient champions
  A shadow dragon (Vaults:5)
  2 sphinxes
  A storm dragon (Vaults:5)
  3 azure jellies
  5 rockslimes
  2 narguns (Zig:21)
  A fire giant (Zig:24)
  A frost giant (Zig:27)
  2 emperor scorpions (Zig:17)
  7 vault wardens
  A deep elf sorcerer (Elf:3)
  A ghost moth (Zig:17)
  A draconian scorcher (Zot:5)
  A deep elf elementalist (Elf:3)
  A draconian annihilator (Zot:5)
  2 orc warlords (Zig:26)
  A demonspawn corrupter (Zig:18)
  An ironbound preserver (Zig:27)
  2 vampire knights
  A spriggan defender (Depths:3)
  6 very ugly things
  3 stone giants
  2 green draconians
  2 deep elf demonologists
  2 red draconians (Zot:5)
  2 black draconians (Zot:5)
  A wendigo (Zig:21)
  A white draconian (Zot:2)
  3 spark wasps
  A yellow draconian (Zot:5)
  2 deep elf death magi
  An ettin (Zig:24)
  3 mummy priests
  An entropy weaver (Zig:17)
  4 merfolk impalers
  2 jiangshi
  A fire dragon (Depths:3)
  3 salamander tyrants (Zig:19)
  4 deep elf high priests
  2 vault guards
  2 ice dragons
  2 great orbs of eyes
  2 yaktaur captains
  3 hydras (Zig:25)
  An ironbound frostheart (Vaults:4)
  An alligator snapping turtle (Zig:23)
  A merfolk aquamancer (Zig:23)
  20 death scarabs
  A deep troll earth mage (Depths:3)
  5 orc high priests (Zig:26)
  3 thrashing horrors (Zig:18)
  2 shock serpents
  2 naga sharpshooters (Zig:19)
  A deep elf knight (Zig:15)
  A hell knight (Vaults:4)
  An iron troll (Zig:26)
  A salamander mystic (Zig:19)
  A sixfirhy (Zot:4)
  5 death drakes (Zig:25)
  2 skeletal warriors (Crypt:1)
  A flayed ghost (Crypt:1)
  4 sea snakes (Zig:23)
  8 swamp dragons (Zig:25)
  4 deep trolls
  2 orb spiders (Zig:17)
  A lindwurm (Vaults:1)
  2 orc knights
  2 wizards (Depths:3)
  4 deep elf pyromancers
  4 ironbound convokers
  3 phantasmal warriors
  2 steelbarb worms (Zig:17)
  3 deep elf archers
  6 harpies
  A lindwurm (shapeshifter) (Zig:24)
  3 deep elf zephyrmancers
  3 manticores (Zig:23)
  4 orc sorcerers (Zig:26)
  A wolf spider (Zig:17)
  6 moths of wrath
  A faun (Zig:23)
  2 black mambas (Zig:19)
  A salamander (Zig:19)
  4 vault sentinels
  A demonic crawler (Zig:17)
  An orange demon (Depths:3)
  A titan simulacrum (Zig:21)
  A naga mage (Zig:19)
  A water nymph (Zig:23)
  2 torpor snails (Zig:17)
  A yaktaur (Vaults:4)
  2 hellions
  A tormentor (Zig:18)
  An ice devil (Zot:4)
  13 guardian mummies
  2 freezing wraiths
  2 ancient zymes (Zig:18)
  A troll (Elf:2)
  3 merfolk (Zig:23)
  A wind drake (Zig:23)
  A tarantella (Zig:17)
  A hornet (Zig:25)
  3 raiju
  A dream sheep (shapeshifter) (Zig:5)
  A ynoxinul (Zig:18)
  4 flying skulls
  2 jumping spiders (Zig:17)
  A centaur simulacrum (D:14)
  21 slime creatures
  A human (Swamp:1)
  A fire bat (Depths:4)
  A chaos spawn (Zig:5)
  A golden eye (Slime:4)
  A neqoxec (Zig:18)
  A redback (Zig:17)
  2 nagas
  8 dancing weapons
  6 orc warriors
  An ogre (Zig:26)
  A necrophage (Crypt:2)
  4 orc priests
  An orc wizard (Elf:2)
  8 mummies
  A white imp (Abyss:1)
  3 orcs
  A briar patch (Swamp:3)
  29 foxfires
  19 fungi
  A lurking horror (Abyss:3)
  50 plants
  21 starspawn tentacles
  4 withered plants (Gauntlet)
463 creatures vanquished.

Grand Total: 4232 creatures vanquished

Notes
Turn   | Place    | Note
-------+----------+-------------------------------------------
     0 | D:1      | NeonRainbow the Octopode Enchanter began the quest for the
                  | Orb.
     0 | D:1      | Reached XP level 1. HP: 11/11 MP: 3/3
   169 | D:1      | Found a faded altar of an unknown god.
   229 | D:1      | Reached XP level 2. HP: 16/17 MP: 5/5
   341 | D:1      | Learned a level 2 spell: Ensorcelled Hibernation
   540 | D:1      | Reached XP level 3. HP: 9/22 MP: 6/6
   627 | D:1      | Learned a level 3 spell: Confusing Touch
  1998 | D:3      | Reached XP level 4. HP: 11/27 MP: 7/7
  2178 | D:3      | You fall into a shaft and drop 3 floors!
  2194 | D:6      | Noticed a black bear
  2199 | D:6      | Killed a black bear
  2200 | D:6      | Reached skill level 1 in Fighting
  2200 | D:6      | Reached XP level 5. HP: 27/33 MP: 5/8
  2275 | D:6      | Learned a level 3 spell: Tukima's Dance
  2407 | D:5      | Entered Level 5 of the Dungeon
  2415 | D:5      | Reached skill level 4 in Hexes
  2584 | D:5      | Identified the +3 hand axe "Syujon" {flame, Fragile rN+
                  | Str+2 Int+3}
  2688 | D:4      | Reached XP level 6. HP: 39/39 MP: 9/9
  2731 | D:4      | Found a sacrificial altar of Ru.
  2740 | D:4      | Reached skill level 5 in Stealth
  3446 | D:4      | Found a glowing golden altar of the Shining One.
  3632 | D:4      | Noticed Natasha
  3650 | D:4      | Killed Natasha
  3651 | D:4      | Reached XP level 7. HP: 35/45 MP: 1/11
  3810 | D:4      | Noticed Eustachio
  3875 | D:4      | Killed Eustachio
  3962 | D:4      | Reached skill level 5 in Hexes
  4120 | D:4      | Noticed Natasha
  4126 | D:4      | Killed Natasha
  4187 | D:4      | Found a sacrificial altar of Ru.
  4323 | D:4      | Found a glowing golden altar of the Shining One.
  5974 | D:4      | Noticed Natasha
  5985 | D:4      | Killed Natasha
  6431 | D:5      | Found a white marble altar of Elyvilon.
  6587 | D:5      | Reached XP level 8. HP: 51/51 MP: 11/13
  6727 | D:5      | Found a broken altar of Ashenzari.
  6734 | D:5      | Found a shadowy altar of Dithmenos.
  6907 | D:5      | Found Puutz's Assorted Antiques.
  6945 | D:6      | Found Ecog's Antique Weapon Shoppe.
  7853 | D:7      | Found a staircase to the Ecumenical Temple.
  7861 | Temple   | Entered the Ecumenical Temple
  7901 | Temple   | Became a worshipper of Gozag Ym Sagoz the Greedy
  8016 | D:7      | Found a sand-covered staircase.
  8104 | Ossuary  | Entered an ossuary
  8104 | Ossuary  | Noticed a wraith
  8104 | Ossuary  | Noticed a wraith
  8104 | Ossuary  | Noticed a wraith
  8167 | Ossuary  | Noticed a wraith
  8186 | Ossuary  | Killed a wraith
  8187 | Ossuary  | Reached skill level 5 in Short Blades
  8187 | Ossuary  | Reached skill level 6 in Hexes
  8475 | D:7      | Reached XP level 9. HP: 42/57 MP: 1/15
  9009 | D:7      | Found a burning altar of Makhleb.
  9133 | D:7      | Noticed an Executioner
  9134 | D:7      | Found a glowing silver altar of Zin.
  9135 | D:7      | Noticed an angel
  9252 | D:7      | Noticed a hornet
  9254 | D:7      | Paralysed by a hornet for 1 turns
  9259 | D:7      | Killed a hornet
  9426 | D:8      | Learned a level 3 spell: Dazzling Flash
  9429 | D:8      | Learned a level 2 spell: Passwall
  9455 | D:8      | Reached skill level 7 in Hexes
  9467 | D:8      | Reached skill level 5 in Dodging
  9668 | D:8      | Found Rutoess's Antique Weapon Emporium.
  9687 | D:8      | Reached XP level 10. HP: 65/65 MP: 14/17
  9808 | D:8      | Found a staircase to the Lair.
  9819 | D:8      | Reached skill level 5 in Spellcasting
  9837 | D:8      | Reached skill level 8 in Hexes
  9864 | D:8      | Reached skill level 5 in Fighting
 10044 | D:8      | Found Neuwell's Antique Weapon Shoppe.
 10065 | D:8      | Found Geceosah's Antique Armour Shop.
 10978 | D:9      | Found Vifuank's Antique Armour Shop.
 11032 | D:9      | Noticed a boulder beetle
 11033 | D:9      | Noticed a cyclops
 11139 | D:9      | Killed a cyclops
 11162 | D:9      | Killed a boulder beetle
 11313 | D:9      | Reached XP level 11. HP: 72/72 MP: 16/19
 11641 | D:10     | Entered Level 10 of the Dungeon
 11652 | D:10     | Found a basalt altar of Yredelemnul.
 11825 | D:10     | Reached skill level 9 in Hexes
 12046 | D:10     | Reached skill level 1 in Earth Magic
 12142 | D:10     | Found a staircase to the Orcish Mines.
 12308 | D:10     | Reached skill level 1 in Transmutations
 12497 | D:11     | Noticed Josephine
 12531 | D:11     | Killed Josephine
 12724 | D:11     | Noticed Snorg
 12732 | D:11     | Killed Snorg
 12798 | D:11     | Noticed a skeletal warrior
 12829 | D:11     | Noticed a skeletal warrior
 12855 | D:11     | Noticed a skeletal warrior
 13268 | D:11     | Noticed a skeletal warrior
 13290 | D:11     | Noticed a skeletal warrior
 13293 | D:11     | Killed a skeletal warrior
 13309 | D:11     | Killed a skeletal warrior
 13799 | D:11     | Killed a skeletal warrior
 13814 | D:11     | Killed a skeletal warrior
 13815 | D:11     | Reached skill level 10 in Stealth
 13976 | D:11     | Noticed a tengu warrior
 13987 | D:11     | Killed a tengu warrior
 13988 | D:11     | Reached XP level 12. HP: 37/80 MP: 12/21
 14217 | D:11     | Noticed a two-headed ogre
 14225 | D:11     | Killed a two-headed ogre
 14226 | D:11     | Reached skill level 10 in Hexes
 15048 | D:12     | Found Kewonis's Assorted Antiques.
 15059 | D:12     | Reached skill level 10 in Short Blades
 15118 | D:12     | Bought a clouded lead ring for 130 gold pieces
 15118 | D:12     | Identified the ring of Berogu {rN+ Int+2} (You bought it in
                  | a shop on level 12 of the Dungeon)
 15118 | D:12     | Bought a scroll of teleportation for 78 gold pieces
 15118 | D:12     | Bought a polished rapier for 234 gold pieces
 15118 | D:12     | Identified the +2 rapier of Ekhleipt {freeze, Str+2 Int+3}
                  | (You bought it in a shop on level 12 of the Dungeon)
 15124 | D:12     | Noticed a two-headed ogre
 15126 | D:12     | Killed a two-headed ogre
 15900 | D:12     | Noticed a boulder beetle
 16138 | D:12     | Reached skill level 11 in Hexes
 16138 | D:12     | Reached XP level 13. HP: 86/86 MP: 20/23
 16416 | D:13     | Found a gate leading to a gauntlet.
 16582 | Gauntlet | Entered a Gauntlet
 16582 | Gauntlet | Found a transporter.
 16594 | Gauntlet | Found a transporter.
 16597 | Gauntlet | Found a transporter.
 16598 | Gauntlet | Found a transporter.
 16607 | Gauntlet | Found a transporter.
 16610 | Gauntlet | Found a transporter.
 16611 | Gauntlet | Found a transporter.
 16620 | Gauntlet | Found a transporter.
 16623 | Gauntlet | Found a transporter.
 16624 | Gauntlet | Found a transporter.
 16629 | Gauntlet | Noticed a quicksilver ooze
 16632 | Gauntlet | Found a transporter.
 16635 | Gauntlet | Found a transporter.
 16636 | Gauntlet | Found a transporter.
 16642 | Gauntlet | Noticed an entropy weaver
 16644 | Gauntlet | Found a transporter.
 17020 | Gauntlet | Killed a quicksilver ooze
 17021 | Gauntlet | Reached skill level 5 in Earth Magic
 17047 | Gauntlet | Reached skill level 5 in Transmutations
 17051 | Gauntlet | Killed an entropy weaver
 17063 | Gauntlet | Noticed a minotaur
 17091 | Gauntlet | Killed a minotaur
 17102 | Gauntlet | Identified the ring of the Jackalope {rPois rF++ rN+ Str+3
                  | Int-3}
 17102 | Gauntlet | Identified the ring of Pibrug {Fire rPois rCorr SInv
                  | Stlth-}
 17102 | Gauntlet | Identified the +1 dagger of Okawaru's Generosity {heavy,
                  | rCorr Str+2}
 18146 | D:13     | Found a runed translucent gate.
 18146 | D:13     | Found a runed translucent gate.
 18146 | D:13     | Found a runed translucent gate.
 18636 | D:13     | Reached skill level 12 in Hexes
 18788 | D:13     | Found a runed translucent gate.
 18788 | D:13     | Found a runed translucent gate.
 18790 | D:13     | Noticed a cacodemon
 18791 | D:13     | Noticed a tentacled monstrosity
 18793 | D:13     | Noticed Zakkuatt's ghost (journeyman HOFi)
 18797 | D:13     | Found a runed translucent gate.
 18870 | D:14     | Found an ornate altar of the Wu Jian Council.
 19222 | D:14     | Reached XP level 14. HP: 94/94 MP: 26/26
 19387 | D:14     | Identified the ring "Xeur Xio" {Wiz rElec}
 20463 | D:14     | Found a gate to the Vaults.
 20613 | D:15     | Entered Level 15 of the Dungeon
 20709 | D:15     | Reached skill level 13 in Hexes
 21537 | D:15     | Paralysed by an ogre mage for 2 turns
 22243 | D:15     | Reached XP level 15. HP: 102/102 MP: 27/27
 22419 | D:15     | Found a staircase to the Depths.
 23213 | D:15     | Found a staircase to the Depths.
 23875 | Lair:1   | Entered Level 1 of the Lair of Beasts
 23918 | Lair:1   | Learned a level 7 spell: Enfeeble
 23924 | Lair:1   | Learned a level 5 spell: Summon Mana Viper
 23931 | Lair:1   | Learned a level 6 spell: Statue Form
 24498 | Lair:1   | Reached skill level 14 in Hexes
 24914 | Lair:2   | Reached skill level 10 in Dodging
 25157 | Lair:2   | Found a staircase to the Swamp.
 25576 | Lair:2   | You fall into a shaft and drop 2 floors!
 25604 | Lair:3   | Reached skill level 10 in Fighting
 26124 | Lair:3   | Found the +4 skin of Zhor {*Englaciate rC+++ SInv}
 26352 | Lair:3   | Found a staircase to the Snake Pit.
 26420 | Lair:3   | Identified a scroll of acquirement
 26423 | Lair:3   | Acquired the +1 hat of Ymaqios {Int+3}
 27164 | Lair:2   | Identified the ring of Rirou {Will++ Str+6 Slay-5}
 28455 | D:12     | Reached XP level 16. HP: 98/110 MP: 16/29
 29204 | Lair:5   | Entered Level 5 of the Lair of Beasts
 29376 | Lair:5   | Reached skill level 15 in Stealth
 29465 | Lair:5   | Reached skill level 15 in Hexes
 29750 | Lair:5   | Reached skill level 10 in Spellcasting
 30071 | Lair:5   | Found a viscous altar of Jiyva.
 30073 | Lair:5   | Found a staircase to the Slime Pits.
 31024 | Orc:1    | Entered Level 1 of the Orcish Mines
 31069 | Orc:1    | Noticed Maurice
 31076 | Orc:1    | Killed Maurice
 31089 | Orc:1    | Noticed Jorgrun
 31103 | Orc:1    | Killed Jorgrun
 31324 | Orc:2    | Entered Level 2 of the Orcish Mines
 31409 | Orc:2    | Found a staircase to the Elven Halls.
 31409 | Orc:2    | Noticed Azrael
 31540 | Orc:2    | Killed Azrael
 31666 | Orc:2    | Found Keassoa's Book Emporium.
 31911 | Orc:2    | Reached skill level 1 in Evocations
 32433 | Orc:2    | Found Zelyf's Book Shop.
 32482 | Orc:2    | Bought a book of Spatial Translocations for 306 gold pieces
 32482 | Orc:2    | Bought a manual of Hexes for 1360 gold pieces
 32482 | Orc:2    | Bought a book of Hexes for 612 gold pieces
 32487 | Orc:2    | Learned a level 4 spell: Cause Fear
 32540 | Orc:2    | Found Qefeogoh's Antique Armour Shop.
 32542 | Orc:2    | Found Foheos's Antique Weapon Boutique.
 32710 | Orc:1    | Noticed Nergalle
 33094 | Orc:2    | Killed Nergalle
 33466 | Lair:1   | Bought a scroll labelled WAM DUELAUS for 37 gold pieces
 33466 | Lair:1   | Bought a scroll of magic mapping for 277 gold pieces
 33466 | Lair:1   | Bought a scroll of teleportation for 111 gold pieces
 33469 | Lair:1   | Bought a scroll of teleportation for 51 gold pieces
 33469 | Lair:1   | Bought a scroll of vulnerability for 68 gold pieces
 33469 | Lair:1   | Bought a scroll of teleportation for 51 gold pieces
 33469 | Lair:1   | Bought a scroll of summoning for 161 gold pieces
 33469 | Lair:1   | Bought a scroll of vulnerability for 68 gold pieces
 33469 | Lair:1   | Bought a scroll of vulnerability for 68 gold pieces
 33975 | Swamp:1  | Entered Level 1 of the Swamp
 34130 | Swamp:1  | Reached skill level 16 in Hexes
 34134 | Swamp:1  | Reached XP level 17. HP: 117/117 MP: 31/31
 34188 | Swamp:1  | Found a transporter.
 34312 | Swamp:1  | Noticed math4jedi's ghost (adept MiBe)
 34327 | Swamp:1  | Found a transporter.
 34395 | Swamp:1  | Noticed Kirke
 34408 | Swamp:1  | Killed Kirke
 35262 | Swamp:2  | You fall into a shaft and drop 1 floor!
 35417 | Swamp:3  | Identified the +2 quarterstaff "Vyenk" {venom, rElec}
 35507 | Swamp:3  | Identified Roxanne's Dissertation on Permutations
 35507 | Swamp:3  | Noticed Roxanne
 35579 | Swamp:3  | Paralysed by a fenstrider witch for 5 turns
 35818 | Swamp:3  | Identified the +0 pair of boots of the Page of Cups {Str+3}
 35820 | Swamp:3  | Reached skill level 17 in Hexes
 35931 | Swamp:3  | Identified the +1 leather armour "Veem" {Will- Dex+3
                  | Slay+3}
 36136 | Swamp:4  | Entered Level 4 of the Swamp
 36175 | Swamp:4  | Reached skill level 10 in Transmutations
 36457 | Swamp:4  | Noticed the 27-headed Lernaean hydra
 36469 | Swamp:4  | Killed the 27-headed Lernaean hydra
 36504 | Swamp:4  | Reached skill level 5 in Evocations
 36977 | Swamp:4  | Got a decaying rune of Zot
 37225 | Snake:1  | Entered Level 1 of the Snake Pit
 37241 | Snake:1  | Reached XP level 18. HP: 126/126 MP: 33/33
 37374 | Snake:1  | Reached skill level 18 in Hexes
 37579 | Snake:1  | Identified the ring of Syndicalism {Contam rC+ Str+9 Int+5}
 38009 | Snake:1  | Reached skill level 19 in Hexes
 38139 | Snake:1  | You fall into a shaft and drop 1 floor!
 38948 | Snake:2  | Found Puacwop's Book Boutique.
 38949 | Snake:2  | Found Focwyrif's Jewellery Emporium.
 38951 | Snake:2  | Found Zeom's Book Boutique.
 39066 | Snake:2  | Reached skill level 20 in Hexes
 39556 | Snake:3  | Found a stormy altar of Qazlal.
 40043 | Snake:4  | Entered Level 4 of the Snake Pit
 40050 | Snake:4  | Noticed Vashnia
 40073 | Snake:4  | Killed Vashnia
 40236 | Snake:4  | Noticed Donald
 40242 | Snake:4  | Killed Donald
 40375 | Snake:4  | Noticed Aizul
 40382 | Snake:4  | Killed Aizul
 40572 | Snake:4  | Reached XP level 19. HP: 131/131 MP: 19/36
 40730 | Snake:4  | Noticed Louise
 40738 | Snake:4  | Killed Louise
 40899 | Snake:4  | Learned a level 8 spell: Discord
 40902 | Snake:4  | Learned a level 2 spell: Blink
 41262 | Snake:4  | Reached skill level 1 in Translocations
 41366 | Snake:4  | Got a serpentine rune of Zot
 42389 | Lair:1   | Bought a glowing orb for 324 gold pieces
 42396 | Lair:1   | Bought a brightly glowing lapis lazuli ring for 90 gold
                  | pieces
 42396 | Lair:1   | Identified the ring of Satisfaction {rElec rPois MP+9 Int+5
                  | Stlth-} (You bought it in a shop on level 1 of the Lair of
                  | Beasts)
 42493 | Vaults:1 | Entered Level 1 of the Vaults
 42683 | Vaults:1 | Found Ypseurao's Antique Weapon Shop.
 42688 | Vaults:1 | Bought an ichor-stained short sword for 256 gold pieces
 42688 | Vaults:1 | Identified the +3 short sword of Fear {elec, *Slow rF+
                  | Int+3} (You bought it in a shop on level 1 of the Vaults)
 43842 | Vaults:2 | Noticed an ancient lich
 43862 | Vaults:2 | Killed an ancient lich
 44509 | Vaults:2 | Reached XP level 20. HP: 138/138 MP: 38/38
 44752 | Vaults:2 | Noticed Pileu's ghost (adept DsFE)
 44753 | Vaults:2 | Found a transporter.
 44775 | Vaults:2 | Found a transporter.
 44859 | Vaults:2 | Found a staircase to the Crypt.
 45339 | Vaults:2 | Killed Pileu's ghost
 45410 | Vaults:2 | Identified the ring "Aczaok" {Will+ SInv}
 46519 | Vaults:3 | Noticed an ancient lich
 46540 | Vaults:3 | Killed an ancient lich
 46848 | Vaults:3 | Reached skill level 5 in Translocations
 47990 | Vaults:4 | Reached XP level 21. HP: 145/145 MP: 39/39
 48047 | Vaults:4 | Found Kodecug's Magic Scroll Shoppe.
 48053 | Vaults:4 | Bought a scroll of teleportation for 57 gold pieces
 48053 | Vaults:4 | Bought a scroll of teleportation for 57 gold pieces
 48293 | Vaults:4 | Noticed Zenata
 48306 | Vaults:4 | Killed Zenata
 48419 | Vaults:4 | Found Hupro's Antique Armour Emporium.
 48701 | Vaults:4 | Noticed Margery
 48707 | Vaults:4 | Killed Margery
 48872 | Vaults:4 | Reached skill level 1 in Polearms
 48893 | Vaults:4 | Found Mitiga's Weapon Boutique.
 49441 | Vaults:4 | Reached skill level 5 in Polearms
 49566 | Vaults:5 | Entered Level 5 of the Vaults
 49579 | Vaults:5 | Killed a dread lich
 49758 | Vaults:5 | Noticed a golden dragon
 49815 | Vaults:5 | Killed a golden dragon
 49821 | Vaults:5 | Reached skill level 10 in Polearms
 49823 | Vaults:5 | Noticed Xtahua
 50139 | Vaults:5 | Reached XP level 22. HP: 129/152 MP: 40/40
 50159 | Vaults:5 | Identified the +7 war axe "Icamau" {venom, rF+} (You took
                  | it off a vault sentinel on level 5 of the Vaults)
 50165 | Vaults:5 | Noticed a golden dragon
 50169 | Vaults:5 | Identified the +3 leather armour of Evolution {Fly Dex+4}
 50170 | Vaults:5 | Identified the +11 rapier of Shrieking Terror {flame,
                  | Str+3}
 50224 | Vaults:5 | Identified the +0 leather armour "Xuyfusis" {*Corrode rElec
                  | rN++ Str+2}
 50232 | Vaults:5 | Killed Xtahua
 50528 | Vaults:5 | Killed a golden dragon
 50529 | Vaults:5 | Reached skill level 15 in Spellcasting
 50536 | Vaults:5 | Identified the +9 battleaxe "Wuklusasch" {flame, Int+4}
 50536 | Vaults:5 | Identified the amulet "Kose" {Faith Int+3}
 50763 | Vaults:5 | Got a silver rune of Zot
 50891 | Vaults:5 | Noticed a dread lich
 50906 | Vaults:5 | Killed a dread lich
 51078 | Vaults:5 | Noticed Mara
 51106 | Vaults:5 | Killed Mara
 51107 | Vaults:5 | Reached skill level 21 in Hexes
 51573 | Vaults:5 | Identified the staff of poison "Guhusony" {rPois rF- Dex+3}
 51730 | Vaults:5 | Killed a ghostly golden dragon
 52470 | Elf:1    | Entered Level 1 of the Elven Halls
 52782 | Elf:1    | Found Vyefapp's Antique Armour Shoppe.
 52806 | Elf:1    | Bought a faintly humming kite shield for 294 gold pieces
 52806 | Elf:1    | Identified the +0 kite shield "Wesh" {rC+ SInv} (You bought
                  | it in a shop on level 1 of the Elven Halls)
 52806 | Elf:1    | Bought a warped hat for 279 gold pieces
 52806 | Elf:1    | Identified the +0 hat of the Playwright {Will+ Int-5
                  | Stlth+} (You bought it in a shop on level 1 of the Elven
                  | Halls)
 52858 | Elf:1    | Reached skill level 10 in Evocations
 53081 | Elf:1    | Reached XP level 23. HP: 160/160 MP: 42/42
 53225 | Elf:1    | Got the Omnibus of Power and the Congregation
 53331 | Elf:2    | Noticed Saint Roka
 53371 | Elf:2    | Killed Saint Roka
 53598 | Elf:2    | Found a magical portal.
 53615 | WizLab   | Entered Alistair's Party Mansion
 54145 | WizLab   | Got Eringya's Compendium of Transforming Toxicity
 54152 | WizLab   | Got Juwar's Folio of the Stinger and the Body
 54161 | WizLab   | Acquired 740 gold pieces
 54264 | WizLab   | Got the Compendium of Transformation
 54309 | WizLab   | Acquired 776 gold pieces
 54643 | Elf:2    | Identified the ring "Rinabrer" {*Corrode rC+ rN+ MP+9
                  | Int+2}
 54748 | Elf:2    | Found a runed translucent gate.
 54749 | Elf:2    | Found a runed translucent gate.
 54753 | Elf:2    | Found a runed translucent gate.
 55810 | Elf:3    | Entered Level 3 of the Elven Halls
 55979 | Elf:3    | Found Mitiga's Assorted Antiques.
 56011 | Elf:3    | Bought a potion of heal wounds for 185 gold pieces
 56188 | Elf:3    | Identified the +5 broad axe of Hola Munt {speed, rF+ rC+}
                  | (You took it off a deep elf zephyrmancer on level 3 of the
                  | Elven Halls)
 56498 | Elf:3    | Identified the +0 robe "Ryosuru" {Int+3} (You took it off a
                  | deep elf zephyrmancer on level 3 of the Elven Halls)
 56622 | Elf:3    | Got the Verses on the Jinx
 56634 | Elf:3    | Found the +3 pair of seven-league boots {Rampage+∞}
 56637 | Elf:3    | Found the +3 Mad Mage's Maulers {Infuse+∞ VampMP -Cast}
 56640 | Elf:3    | Got the Compendium of the Salvo and the Icicle
 56657 | Elf:3    | Identified the staff of fire "Qaklyf" {rF+ Int+6}
 57033 | Slime:1  | Entered Level 1 of the Pits of Slime
 57907 | Slime:2  | Gained mutation: You are frail. (-10% HP) [a shining eye]
 58835 | Slime:2  | Reached XP level 24. HP: 137/151 MP: 43/43
 59078 | Slime:4  | Reached skill level 15 in Fighting
 59078 | Slime:4  | Reached skill level 15 in Dodging
 59554 | Slime:5  | Entered Level 5 of the Pits of Slime
 59924 | Slime:3  | Noticed Dissolution
 59941 | Slime:3  | Gained mutation: Your magical capacity is low. (-10% MP) [a
                  | shining eye]
 59955 | Slime:4  | Paralysed by a floating eye for 2 turns
 59965 | Slime:4  | Paralysed by a floating eye for 2 turns
 59970 | Slime:4  | Killed Dissolution
 60390 | Slime:5  | Found a viscous altar of Jiyva.
 60391 | Slime:5  | Noticed the Royal Jelly
 60410 | Slime:5  | Killed the Royal Jelly
 60466 | Slime:5  | Got a slimy rune of Zot
 60508 | Slime:5  | Identified the +1 plate armour of the Armoured One {rElec
                  | rPois Int-4}
 60525 | Slime:5  | Identified the amulet of Sin {Faith Contam Rampage rPois
                  | rF+}
 60527 | Slime:5  | Identified the staff of fire "Anyprehu" {rF+ Dex+2}
 60583 | Slime:5  | Got Sif Muna's Commentary on Glamour and Momentum
 60596 | Slime:5  | Identified the +2 plate armour "Wuunn" {+Blink rPois
                  | Will++}
 60985 | Crypt:1  | Entered Level 1 of the Crypt
 61306 | Crypt:1  | Reached skill level 22 in Hexes
 62289 | Crypt:2  | Noticed Bai Suzhen
 62307 | Crypt:2  | Killed Bai Suzhen
 62461 | Crypt:2  | Noticed Grunn
 62492 | Crypt:2  | Killed Grunn
 62955 | Crypt:2  | Learned a level 5 spell: Yara's Violent Unravelling
 63008 | Crypt:2  | Noticed Frederick
 63018 | Crypt:2  | Reached XP level 25. HP: 150/159 MP: 39/39
 63114 | Crypt:2  | Killed Frederick
 63693 | Crypt:3  | Entered Level 3 of the Crypt
 64471 | Crypt:3  | Reached skill level 15 in Transmutations
 64575 | Crypt:3  | Found a staircase to the Tomb.
 65014 | Crypt:3  | Identified the ring of Nemelex Xobeh's Grace {+Blink rN+
                  | Str+3 Stlth+}
 65014 | Crypt:3  | Identified the ring of Tenimet {rN+ Str+3}
 65014 | Crypt:3  | Identified the ring "Likoant" {Drain rElec rF++ rN+ rCorr}
 65658 | Crypt:3  | Noticed an ancient lich
 65671 | Crypt:3  | Killed an ancient lich
 65945 | Crypt:3  | Identified the +2 robe "Ishewkaaco" {rC+ Int-4 Dex+5
                  | Stlth-}
 66099 | Crypt:3  | Got Itobu's Incunabulum of Resurrection
 66388 | Depths:1 | Entered Level 1 of the Depths
 66934 | Depths:1 | Found a gateway to Hell.
 67866 | Depths:1 | Found a one-way gate to the infinite horrors of the Abyss.
 68111 | Depths:2 | Reached XP level 26. HP: 168/168 MP: 40/40
 68560 | Depths:2 | Found a one-way gate leading to the halls of Pandemonium.
 68709 | Depths:2 | Found a corrupted altar of Lugonu.
 69886 | Depths:3 | Killed an ancient lich
 70279 | Depths:3 | Acquired the +3 warlock's mirror {omnireflect}
 70279 | Depths:3 | Found the +3 warlock's mirror {omnireflect}
 70418 | Depths:4 | Entered Level 4 of the Depths
 70515 | Depths:4 | Reached skill level 1 in Shields
 70603 | Depths:4 | Found a one-way gateway to a ziggurat.
 71172 | Depths:4 | Reached XP level 27. HP: 178/178 MP: 41/41
 71473 | Depths:4 | Found a gate to the Realm of Zot.
 71822 | Lair:1   | Bought a scroll of blinking for 112 gold pieces
 71822 | Lair:1   | Bought a scroll of teleportation for 45 gold pieces
 72030 | Zot:1    | Entered Level 1 of the Realm of Zot
 72263 | Zot:1    | You fall into a shaft and drop 1 floor!
 73296 | Zot:2    | Identified the ring of the Past {rF+ AC+4 Dex+4}
 73936 | Zot:2    | Reached skill level 5 in Shields
 74709 | D:13     | Killed Zakkuatt's ghost
 75062 | Swamp:1  | Reached skill level 23 in Hexes
 75074 | Swamp:1  | Killed math4jedi's ghost
 75089 | Swamp:1  | Identified the ring "Sobbeqie" {Fire rPois}
 75095 | Swamp:1  | Identified the +2 robe of Discretion {rPois Str+2 Int-5}
 75198 | Swamp:3  | Killed Roxanne
 76372 | Zot:3    | Noticed a dread lich
 76378 | Zot:3    | Noticed a dread lich
 76381 | Zot:3    | Killed a dread lich
 76385 | Zot:3    | Noticed a dread lich
 76388 | Zot:3    | Killed a dread lich
 76395 | Zot:3    | Noticed a dread lich
 76398 | Zot:3    | Reached skill level 15 in Evocations
 76406 | Zot:3    | Noticed a dread lich
 76419 | Zot:3    | Killed a dread lich
 76427 | Zot:3    | Killed a dread lich
 76442 | Zot:3    | Killed a dread lich
 76861 | Zot:4    | Noticed Parghit
 76893 | Zot:4    | Killed Parghit
 77177 | Zot:4    | Found a huge runed gate.
 77177 | Zot:4    | Found a huge runed gate.
 77177 | Zot:4    | Found a huge runed gate.
 77177 | Zot:4    | Found a huge runed gate.
 77185 | Zot:4    | Found a huge runed gate.
 77186 | Zot:4    | Found a huge runed gate.
 77186 | Zot:4    | Found a huge runed gate.
 77186 | Zot:4    | Found a huge runed gate.
 77186 | Zot:4    | Found a huge runed gate.
 77186 | Zot:4    | Found a huge runed gate.
 77187 | Zot:4    | Found a huge runed gate.
 77188 | Zot:4    | Found a huge runed gate.
 77189 | Zot:4    | Found a huge runed gate.
 77190 | Zot:4    | Found a huge runed gate.
 77191 | Zot:4    | Found a huge runed gate.
 77202 | Zot:4    | Found a huge runed gate.
 77202 | Zot:4    | Found a huge runed gate.
 77202 | Zot:4    | Found a huge runed gate.
 77202 | Zot:4    | Found a huge runed gate.
 77202 | Zot:4    | Found a huge runed gate.
 77203 | Zot:4    | Found a huge runed gate.
 77204 | Zot:4    | Found a huge runed gate.
 77205 | Zot:4    | Found a huge runed gate.
 77206 | Zot:4    | Found a huge runed gate.
 77284 | Zot:4    | Found a huge runed gate.
 77284 | Zot:4    | Found a huge runed gate.
 77284 | Zot:4    | Found a huge runed gate.
 77284 | Zot:4    | Found a huge runed gate.
 77284 | Zot:4    | Found a huge runed gate.
 77284 | Zot:4    | Found a huge runed gate.
 77285 | Zot:4    | Found a huge runed gate.
 77286 | Zot:4    | Found a huge runed gate.
 77287 | Zot:4    | Found a huge runed gate.
 77959 | Zot:4    | Found a huge runed gate.
 77959 | Zot:4    | Found a huge runed gate.
 77959 | Zot:4    | Found a huge runed gate.
 78123 | Zot:4    | Noticed Sackuas's ghost (veteran OgBe)
 78123 | Zot:4    | Noticed Ugheugew's ghost (master FoFi)
 78123 | Zot:4    | Noticed Sackuas's ghost (veteran OgBe)
 78123 | Zot:4    | Noticed Benajun's ghost (veteran OgBe)
 78123 | Zot:4    | Noticed Oriecen's ghost (master DsEE)
 78123 | Zot:4    | Noticed Cemmere's ghost (veteran TrCK)
 78123 | Zot:4    | Noticed an orb of fire
 78123 | Zot:4    | Noticed Oriecen's ghost (master DsEE)
 78130 | Zot:4    | Killed Sackuas's ghost
 78136 | Zot:4    | Killed Cemmere's ghost
 78188 | Zot:4    | Killed Oriecen's ghost
 78333 | Zot:4    | Killed Ugheugew's ghost
 78531 | Zot:4    | Killed Benajun's ghost
 78724 | Zot:4    | Killed Oriecen's ghost
 78866 | Zot:4    | Upgraded the game from 0.30-a0-1066-g63dfefce0d to
                  | 0.30-a0-1074-g5db6f66fbb
 78867 | Zot:5    | Entered Level 5 of the Realm of Zot
 79759 | Zot:5    | Noticed an ancient lich
 79792 | Zot:5    | Killed an ancient lich
 79900 | Zot:5    | Noticed a dread lich
 79915 | Zot:5    | Killed a dread lich
 79974 | Zot:5    | Noticed an orb of fire
 79993 | Zot:5    | Gained mutation: You are clumsy. (Dex -2) [an orb of fire]
 80002 | Zot:5    | Killed an orb of fire
 80073 | Zot:5    | Noticed a dread lich
 80075 | Zot:5    | Noticed an orb of fire
 80077 | Zot:5    | Noticed an orb of fire
 80083 | Zot:5    | Gained mutation: Your spells are a little easier to cast,
                  | but a little less powerful. [an orb of fire]
 80087 | Zot:5    | Killed a dread lich
 80446 | Zot:5    | Noticed a dread lich
 80461 | Zot:5    | Killed a dread lich
 80467 | Zot:5    | Killed an orb of fire
 80499 | Zot:5    | Killed an orb of fire
 81140 | Zig:1    | Entered Level 1 of a ziggurat
 81175 | Zig:2    | Entered Level 2 of a ziggurat
 81413 | Zig:3    | Entered Level 3 of a ziggurat
 81451 | Zig:4    | Entered Level 4 of a ziggurat
 81518 | Zig:4    | Identified the +2 rapier of Distraction {elec, rC+}
 81667 | Zig:5    | Entered Level 5 of a ziggurat
 81916 | Zig:6    | Entered Level 6 of a ziggurat
 81937 | Zig:6    | Reached skill level 1 in Conjurations
 81964 | Zig:7    | Entered Level 7 of a ziggurat
 82014 | Zig:7    | HP: 8/241 [reaper/+6 scythe of freezing[a doom hound] (20)]
 82059 | Zig:7    | Got the Guide on Distorted Congelation
 82068 | Zig:7    | Identified the staff of cold "Mitz" {*Corrode rElec rC+
                  | rN+++ Int+2}
 82077 | Zig:7    | Identified the staff of conjuration "Syicuh" {*Corrode
                  | rElec Stlth+}
 82082 | Zig:7    | Identified the +0 buckler of Qazlal's Vengeance {+Inv
                  | Regen+ Str-4 SInv}
 82229 | Zig:8    | Entered Level 8 of a ziggurat
 82275 | Zig:8    | Identified the +1 cloak of Agnosticism {+Inv Fly rN+ Int-2}
 82306 | Zig:9    | Entered Level 9 of a ziggurat
 82315 | Zig:9    | Noticed Plog the pandemonium lord
 82350 | Zig:9    | Killed Plog the pandemonium lord
 82690 | Zig:9    | Reached skill level 24 in Hexes
 82693 | Zig:9    | Identified the +3 quick blade of Extermination {pain, Int+3
                  | Dex+3}
 82694 | Zig:9    | Identified the +11 arbalest of Disembowelment {heavy, rC-
                  | Str+5}
 82706 | Zig:10   | Entered Level 10 of a ziggurat
 82713 | Zig:10   | Found the +27 heavy crossbow "Sniper" {heavy, Acc+∞ SInv}
 82771 | Zig:10   | Identified the +12 long sword of Suneq {freeze, *Corrode
                  | rN++ Str+2}
 82839 | Zig:11   | Entered Level 11 of a ziggurat
 82848 | Zig:11   | Noticed an ancient lich
 82858 | Zig:11   | Killed an ancient lich
 82859 | Zig:11   | Reached skill level 5 in Conjurations
 83052 | Zig:11   | Identified the staff of death "Isisomuf" {rF- rN+ Will++
                  | Int+3}
 83054 | Zig:11   | Identified the ring of Satyriasis {rElec rC+ rCorr Str+2
                  | Int+6}
 83055 | Zig:11   | Identified the +2 chain mail of Impressiveness {-Tele Fly
                  | rC++}
 83063 | Zig:11   | Got the Cyclopedia of the Fair Folk
 83075 | Zig:11   | Identified the +5 demon whip of the Eggplant {vamp, Fragile
                  | rCorr SInv}
 83077 | Zig:12   | Entered Level 12 of a ziggurat
 83082 | Zig:12   | Noticed a juggernaut
 83083 | Zig:12   | Noticed a juggernaut
 83087 | Zig:12   | Killed a juggernaut
 83091 | Zig:12   | Reached skill level 10 in Shields
 83094 | Zig:12   | Killed a juggernaut
 83100 | Zig:12   | Killed a juggernaut
 83150 | Zig:12   | Identified the staff of poison "Sahagrol" {Fragile rPois
                  | rF+ rCorr Str+2}
 83154 | Zig:12   | Identified the staff of fire "Laidda" {rF+ Int+3}
 83198 | Zig:13   | Entered Level 13 of a ziggurat
 83204 | Zig:13   | Noticed a royal mummy
 83206 | Zig:13   | Noticed a royal mummy
 83212 | Zig:13   | Noticed a royal mummy
 83219 | Zig:13   | Noticed a royal mummy
 83226 | Zig:13   | Killed a royal mummy
 83235 | Zig:13   | Killed a royal mummy
 83240 | Zig:13   | Killed a royal mummy
 83251 | Zig:13   | Killed a royal mummy
 83651 | Zig:13   | Identified the +5 hand axe "Niraowke" {freeze, rElec rPois}
 83663 | Zig:14   | Entered Level 14 of a ziggurat
 83730 | Zig:14   | Found the +9 scales of the Dragon King {rPois rF+ rC+
                  | Will+}
 83782 | Zig:14   | Identified the staff of cold "Heidgh" {rC+ Dex+2}
 83783 | Zig:14   | Identified the +8 flail of Melee {heavy, Int+4 Dex+4 SInv}
 83806 | Zig:15   | Entered Level 15 of a ziggurat
 83894 | Zig:15   | Identified the ring "Moluopt" {Fly Dex+2}
 83902 | Zig:15   | Identified the +3 falchion "Luuthede" {venom, Drain rPois
                  | rF+ rCorr}
 83911 | Zig:15   | Identified the ring "Keoqorel" {Fly rN+ Str+3 Dex+6}
 83975 | Zig:16   | Entered Level 16 of a ziggurat
 83979 | Zig:16   | Noticed a royal mummy
 84009 | Zig:16   | Noticed a royal mummy
 84016 | Zig:16   | Killed a royal mummy
 84042 | Zig:16   | Killed a royal mummy
 84378 | Zig:16   | Identified the +0 pair of boots of Ishry {Str-3 Slay+4
                  | Stlth+}
 84383 | Zig:16   | Identified the +1 flail "Feihepn" {heavy, rF+ Str-3 Dex+2
                  | SInv}
 84416 | Zig:17   | Entered Level 17 of a ziggurat
 84431 | Zig:17   | Found the +3 giant club "Skullcrusher" {speed, Str+7}
 84748 | Zig:17   | Identified the staff of death "Ficsol" {rF+ rN+ Str+2
                  | Dex+2}
 84767 | Zig:17   | Identified the staff of cold "Faarief" {*Slow rPois rC+ rN+
                  | Int+4}
 84800 | Zig:18   | Entered Level 18 of a ziggurat
 84829 | Zig:18   | Paralysed by accursed screaming for 2 turns
 84927 | Zig:18   | Noticed a dread lich
 84977 | Zig:18   | Killed a dread lich
 85014 | Zig:18   | Reached skill level 10 in Conjurations
 85352 | Zig:18   | Identified the amulet of the Harvest {Faith rN+}
 85392 | Zig:18   | Identified the ring "Colla" {Str+6 Slay+2}
 85394 | Zig:18   | Identified the staff of fire "Caung" {rElec rF+ rN+}
 85447 | Zig:19   | Entered Level 19 of a ziggurat
 85617 | Zig:19   | Identified the ring of Eshycza {Fly rElec rCorr Int+3
                  | Dex-3}
 85731 | Zig:19   | Identified the ring "Fotwiusele" {rN++ Will- MP+9 Str+4}
 85742 | Zig:19   | Identified the amulet of Aleuck {Reflect Regen+ SH+5}
 85768 | Zig:20   | Entered Level 20 of a ziggurat
 86116 | Zig:20   | Found the +3 greatsling "Punk" {acid, rCorr}
 86123 | Zig:20   | Identified the amulet "Owidaimn" {RegenMP -Tele +Inv rF++
                  | Int+2}
 86128 | Zig:20   | Identified the amulet "Niurukh" {Faith Harm Dex+3}
 86133 | Zig:20   | Identified the scarf "Bifykeb" {shadows, Will++ SInv}
 86135 | Zig:20   | Identified the +0 helmet "Naurunt" {rC+ Will+ Str-5 Dex+4}
 86147 | Zig:20   | Identified the +5 quarterstaff "Fing" {drain, Dex+4}
 86165 | Zig:21   | Entered Level 21 of a ziggurat
 86226 | Zig:21   | Reached skill level 5 in Ranged Weapons
 86626 | Zig:21   | Found the +8 demon blade "Leech" {evervamp, Harm Drain rN+}
 86635 | Zig:21   | Identified the +1 fire dragon scales of Duck's Teeth {rF++
                  | rC- Slay+2}
 86638 | Zig:21   | Identified the staff of earth "Cafuts" {rF+}
 86641 | Zig:21   | Identified the amulet of the Median {Acrobat rF+ rC+ Int+4}
 86653 | Zig:21   | Identified the +2 rapier of Ogey {freeze, Dex+4}
 86657 | Zig:21   | Identified the +0 bardiche of the Orb {heavy, Str+3 Int+4}
 86660 | Zig:21   | Identified the ring "Lopeot" {rPois SInv}
 86684 | Zig:22   | Entered Level 22 of a ziggurat
 86711 | Zig:22   | Paralysed by an air elemental for 1 turns
 86715 | Zig:22   | Reached skill level 25 in Hexes
 87077 | Zig:22   | Identified the staff of air "Levuymat" {rElec rC+ Str-3
                  | Dex+6}
 87081 | Zig:22   | Identified the +9 shortbow of the Butterfly {heavy, rCorr
                  | Str-4 Dex+3}
 87089 | Zig:22   | Got Hufonn's Commentary on Transposed Accompaniment
 87093 | Zig:22   | Identified the ring of Beynedum {Ice +Blink MP+9 Dex-5}
 87105 | Zig:22   | Identified the +3 quarterstaff "Sugox" {pain, *Corrode
                  | rPois Int+2 Dex+3}
 87114 | Zig:22   | Identified the ring "Ighyo" {rF+ rN+ Int-2 Slay+3}
 87135 | Zig:23   | Entered Level 23 of a ziggurat
 87380 | Zig:23   | Found the +3 crown of Dyrovepreva {rElec Int+2 SInv}
 87395 | Zig:23   | Identified the +5 long sword "Vihew" {flame, Str+4}
 87401 | Zig:23   | Identified the amulet of Bosa {Reflect Fly Will- Int-5 SH+5
                  | Stlth+}
 87424 | Zig:23   | Got Qoof's Folio of Unlucky Embers
 87452 | Zig:24   | Entered Level 24 of a ziggurat
 87465 | Zig:24   | Noticed an ancient lich
 87468 | Zig:24   | Noticed an ancient lich
 87472 | Zig:24   | Killed an ancient lich
 87474 | Zig:24   | Noticed a dread lich
 87477 | Zig:24   | Noticed a dread lich
 87477 | Zig:24   | Noticed a dread lich
 87478 | Zig:24   | Killed a dread lich
 87482 | Zig:24   | Killed an ancient lich
 87486 | Zig:24   | Killed a dread lich
 87489 | Zig:24   | Killed a dread lich
 87491 | Zig:24   | Noticed a dread lich
 87493 | Zig:24   | Noticed a dread lich
 87495 | Zig:24   | Killed a dread lich
 87497 | Zig:24   | Killed a dread lich
 87506 | Zig:24   | Noticed a dread lich
 87524 | Zig:24   | Killed a dread lich
 87748 | Zig:24   | Reached skill level 10 in Ranged Weapons
 87759 | Zig:24   | Identified the amulet of the Endless Expanse {RegenMP +Inv
                  | rElec rN+}
 87762 | Zig:24   | Identified the +10 longbow of Qeturesy {flame, *Corrode
                  | rElec rF+ Int+3}
 87770 | Zig:24   | Identified the +0 pair of gloves "Xeowuqel" {rN+ Stlth+}
 87787 | Zig:25   | Entered Level 25 of a ziggurat
 88139 | Zig:25   | Identified the ring of the Skies Above {rPois rC++ Str+2}
 88175 | Zig:26   | Entered Level 26 of a ziggurat
 88183 | Zig:26   | Noticed a juggernaut
 88185 | Zig:26   | Noticed a juggernaut
 88186 | Zig:26   | Noticed a juggernaut
 88200 | Zig:26   | Noticed a juggernaut
 88200 | Zig:26   | Noticed a juggernaut
 88204 | Zig:26   | Killed a juggernaut
 88205 | Zig:26   | Killed a juggernaut
 88207 | Zig:26   | Killed a juggernaut
 88211 | Zig:26   | Killed a juggernaut
 88220 | Zig:26   | Noticed a juggernaut
 88226 | Zig:26   | Noticed a juggernaut
 88226 | Zig:26   | Noticed a juggernaut
 88227 | Zig:26   | Noticed a juggernaut
 88229 | Zig:26   | Killed a juggernaut
 88230 | Zig:26   | Killed a juggernaut
 88232 | Zig:26   | Killed a juggernaut
 88234 | Zig:26   | Killed a juggernaut
 88239 | Zig:26   | Killed a juggernaut
 88246 | Zig:26   | Noticed a juggernaut
 88255 | Zig:26   | Killed a juggernaut
 88269 | Zig:26   | Killed a juggernaut
 88601 | Zig:26   | Found the +6 Majin-Bo {spellvamp, MP+6 Int+6}
 88608 | Zig:26   | Identified the staff of air "Ruulas" {rElec Str+2 Dex+4
                  | SInv}
 88633 | Zig:26   | Identified the ring "Ucaoden" {rC+ Str+6}
 88651 | Zig:27   | Entered Level 27 of a ziggurat
 88659 | Zig:27   | Noticed an ancient lich
 88669 | Zig:27   | Killed an ancient lich
 88679 | Zig:27   | Noticed an ancient lich
 88679 | Zig:27   | Noticed a dread lich
 88680 | Zig:27   | Noticed a dread lich
 88682 | Zig:27   | Noticed an ancient lich
 88684 | Zig:27   | Noticed a dread lich
 88685 | Zig:27   | Noticed an ancient lich
 88688 | Zig:27   | Noticed an ancient lich
 88689 | Zig:27   | Killed an ancient lich
 88691 | Zig:27   | Killed a dread lich
 88693 | Zig:27   | Killed a dread lich
 88694 | Zig:27   | Reached skill level 26 in Hexes
 88698 | Zig:27   | Killed an ancient lich
 88699 | Zig:27   | Reached skill level 15 in Conjurations
 88701 | Zig:27   | Killed an ancient lich
 88701 | Zig:27   | Killed an ancient lich
 88715 | Zig:27   | Killed a dread lich
 89068 | Zig:27   | Identified the ring "Illelimp" {Int+5 Dex+6}
 89076 | Zig:27   | Identified the ring "Wierix" {Fire rElec}
 89089 | Zig:27   | Identified the staff of air "Urubaiq" {rElec rC++}
 89122 | Zig:27   | Identified the staff of conjuration "Bejysk" {rF- rCorr
                  | Str+8}
 89129 | Zig:27   | Identified the staff of cold "Febbalu" {rElec rC+ Str-5
                  | Dex+8}
 89443 | Tomb:1   | Entered Level 1 of the Tomb of the Ancients
 89743 | Tomb:1   | Paralysed by a sphinx for 4 turns
 90456 | Tomb:1   | Noticed a royal mummy
 90463 | Tomb:1   | Killed a royal mummy
 91352 | Tomb:2   | Noticed a royal mummy
 91388 | Tomb:2   | Killed a royal mummy
 91391 | Tomb:2   | Noticed a royal mummy
 91395 | Tomb:2   | Killed a royal mummy
 91402 | Tomb:2   | Noticed a royal mummy
 91416 | Tomb:2   | Killed a royal mummy
 91986 | Tomb:2   | Noticed a royal mummy
 92002 | Tomb:2   | Killed a royal mummy
 92088 | Tomb:2   | Got the Atlas of Gusty Metamorphosis
 92301 | Tomb:1   | Noticed a royal mummy
 92312 | Tomb:1   | Killed a royal mummy
 92377 | Tomb:1   | Noticed a royal mummy
 92386 | Tomb:1   | Killed a royal mummy
 92552 | Tomb:1   | Noticed a royal mummy
 92562 | Tomb:1   | Killed a royal mummy
 92636 | Tomb:1   | Noticed a royal mummy
 92638 | Tomb:1   | Noticed a royal mummy
 92647 | Tomb:1   | Noticed a royal mummy
 92648 | Tomb:1   | Killed a royal mummy
 92651 | Tomb:1   | Noticed a royal mummy
 92656 | Tomb:1   | Killed a royal mummy
 92663 | Tomb:1   | Killed a royal mummy
 93093 | Tomb:1   | Noticed a royal mummy
 93107 | Tomb:1   | Killed a royal mummy
 93109 | Tomb:1   | Noticed a royal mummy
 93117 | Tomb:1   | Killed a royal mummy
 93126 | Tomb:1   | Killed a royal mummy
 93433 | Tomb:1   | Noticed a royal mummy
 93438 | Tomb:1   | Noticed a royal mummy
 93443 | Tomb:1   | Killed a royal mummy
 93450 | Tomb:1   | Killed a royal mummy
 93450 | Tomb:1   | Noticed a royal mummy
 93456 | Tomb:1   | Killed a royal mummy
 93816 | Tomb:1   | Noticed a royal mummy
 93827 | Tomb:1   | Killed a royal mummy
 93873 | Tomb:1   | Noticed a royal mummy
 93901 | Tomb:1   | Killed a royal mummy
 93956 | Tomb:1   | Noticed a royal mummy
 94129 | Tomb:1   | Noticed a royal mummy
 94131 | Tomb:1   | Noticed a royal mummy
 94138 | Tomb:1   | Killed a royal mummy
 94150 | Tomb:1   | Killed a royal mummy
 94155 | Tomb:1   | Killed a royal mummy
 94167 | Tomb:1   | Noticed a royal mummy
 94415 | Tomb:1   | Killed a royal mummy
 94417 | Tomb:1   | Noticed a royal mummy
 94424 | Tomb:1   | Killed a royal mummy
 94479 | Tomb:1   | Noticed a royal mummy
 94487 | Tomb:1   | Killed a royal mummy
 94488 | Tomb:1   | Reached skill level 27 in Hexes
 94825 | Tomb:3   | Entered Level 3 of the Tomb of the Ancients
 94831 | Tomb:3   | Noticed a royal mummy
 94892 | Tomb:3   | Noticed a royal mummy
 94893 | Tomb:3   | Noticed a royal mummy
 94896 | Tomb:3   | Killed a royal mummy
 95072 | Tomb:3   | Noticed a royal mummy
 95072 | Tomb:3   | Identified the +7 battleaxe "Coofycer" {drain, rF+ Int+2}
                  | (You took it off a skeletal warrior on level 3 of the Tomb
                  | of the Ancients)
 95090 | Tomb:3   | Killed a royal mummy
 95094 | Tomb:3   | Noticed a royal mummy
 95099 | Tomb:3   | Got a golden rune of Zot
 95102 | Tomb:3   | Noticed a royal mummy
 95105 | Tomb:3   | Noticed a royal mummy
 95108 | Tomb:3   | Killed a royal mummy
 95113 | Tomb:3   | Noticed a royal mummy
 95153 | Tomb:3   | Killed a royal mummy
 95156 | Tomb:3   | Identified the +7 short sword "Pisk" {freeze, Drain rCorr
                  | Int+2 Dex+7}
 95157 | Tomb:3   | Identified the ring of Xatroyd {Wiz rF+ Str-3 Int+3 Dex+3}
 95162 | Tomb:3   | Identified the +7 plate armour of the Fletcher {Rampage
                  | rC+}
 95163 | Tomb:3   | Identified the +5 sling "Liqoyqoc" {drain, MP+9 Dex+4}
 95172 | Tomb:3   | Noticed a royal mummy
 95303 | Tomb:3   | Killed a royal mummy
 95315 | Tomb:3   | Killed a royal mummy
 95612 | Tomb:3   | Killed a royal mummy
 95619 | Tomb:3   | Killed a royal mummy
 95640 | Tomb:3   | Killed a royal mummy
 95829 | Tomb:3   | Acquired 772 gold pieces
 95877 | Tomb:3   | Identified the +4 halberd of the Mauling Gods {heavy, rPois
                  | rCorr}
 96018 | Tomb:3   | Acquired 712 gold pieces
 96202 | Tomb:3   | Identified the staff of air "Daytim" {rElec Will++ Dex+4
                  | SInv}
 96654 | Depths:1 | Voluntarily entered the Abyss.
 97455 | Depths:1 | Escaped the Abyss
 97524 | Depths:1 | Voluntarily entered the Abyss.
 98364 | Depths:1 | Escaped the Abyss
 98706 | Depths:1 | Voluntarily entered the Abyss.
 98926 | Abyss:4  | Got an abyssal rune of Zot
 99020 | Depths:1 | Escaped the Abyss
 99281 | Zot:5    | Got the Orb of Zot
 99292 | Zot:5    | Noticed Ociqienk the pandemonium lord
 99425 | Zot:4    | Killed Sackuas's ghost
 99457 | Zot:4    | Gained mutation: You occasionally shout uncontrollably at
                  | your foes. [a cacodemon]
 99475 | Zot:4    | Noticed Liyleth the pandemonium lord
 99487 | Zot:4    | Noticed Isoaga the pandemonium lord
 99745 | Depths:3 | Noticed Raviamo the pandemonium lord
 99746 | Depths:3 | Paralysed by Raviamo for 4 turns
 99889 | Depths:1 | Noticed Wueshriq the pandemonium lord
100049 | D:9      | Noticed Orphuh the pandemonium lord
100232 | D:$      | Escaped with the Orb!

Illustrated notes

Levels and vault maps discovered:
D:1:      dpeg_cavernosity, layout_basic, chequers_ecumenical_altar_twisty
D:2:      layout_loops_ring
D:3:      minmay_recursive_quarters, layout_loops_corners
D:4:      layout_loops_corners, nicolae_tso_carved_into_rock,
          nicolae_ru_great_annihilating_truth, uniq_natasha, uniq_eustachio
D:5:      layout_loops_ring, nicolae_elyvilon_temple_path,
          mainiacjoe_overflow_big_doors, serial_shops, kennysheep_little_box
D:6:      layout_layer_cave, serial_shops, nicolae_lakefront_shop,
          dk_noncrumbling_2, minivault_19
D:7:      layout_gridville, grunt_temple_overflow_order_and_chaos_2,
          temple_fountains, enter_ossuary_1, nicolae_nh_ransacked_shop
D:8:      layout_loops_ring, hellmonk_lair_entry_icy, serial_shops, shop, shop,
          nicolae_square_shop
D:9:      layout_basic, serial_rivers, chequers_serial_rivers_micro_d,
          chequers_serial_rivers_room_b, chequers_serial_rivers_micro_e,
          chequers_serial_rivers_room_a, serial_shops, nicolae_lakefront_shop,
          minmay_fractal_squares_gapless_7
D:10:     layout_irregular_city, old_standard_altar
D:11:     layout_basic, uniq_snorg, uniq_josephine
D:12:     layout_roguey [special_room_orc], serial_shops, shop, minmay_circle_x
D:13:     layout_basic, gauntlet_entry_generic,
          ploomutoo_gammafunk_ghost_potion_laboratory
D:14:     layout_rooms, david_vaults_5, nicolae_wu_jian_wuxing_cycle,
          kennysheep_generic_room_7
D:15:     grunt_enter_depths_magical_seal, layout_basic, interstate_on_off
Temple:   compressed_dpeg_circular_temple
Lair:1:   layout_regular_city, small_statue_intersection, serial_bayou_pond_b
Lair:2:   layout_gridlike, palyth_hydra_swamp_entry, ice2_lemuel,
          lemuel_fruit_tree
Lair:3:   layout_roguey, guppyfry_snake_entry_garden, serial_bayou,
          serial_bayou_shore_a, serial_bayou_pond_a, serial_bayou_pond_c,
          serial_bayou_pond_d, serial_bayou_lake_a, serial_bayou_pond_c,
          hellmonk_guarded_unrand_zhor
Lair:4:   layout_regular_city
Lair:5:   evilmike_catoblepas_cave, layout_regular_city,
          minmay_slime_entry_oklob_enclosed, st_stairs_13
Swamp:1:  layout_basic_swamp, gammafunk_ghost_berserking_beasts,
          evilmike_swamp_ruin_house_5, infiniplex_staircase_pool_2, uniq_kirke
Swamp:2:  layout_basic_swamp, hangedman_swamp_cone
Swamp:3:  layout_basic_swamp, nicolae_swamp_little_tower, uniq_roxanne
Swamp:4:  swamp, layout_basic_swamp, swamp_pool1
Snake:1:  layout_rooms, nicolae_snake_snakewalk, grunt_megastairs_5
Snake:2:  layout_rooms, special_room, nicolae_snake_the_dead_are_slithering,
          minmay_shop_grove
Snake:3:  layout_onion, basic_altar, serial_bayou_pond_d
Snake:4:  hellmonk_snake_rune_quicksilver_temple, layout_chambers, uniq_donald,
          uniq_aizul, uniq_vashnia, uniq_louise
Slime:1:  layout_caves, amcnicky_altar_lugonu_corruption
Slime:2:  layout_caves
Slime:3:  layout_caves, uniq_dissolution
Slime:4:  cheibrodos_slime_lost_civilization_10, layout_caves,
          cheibrodos_slime_lost_civilization_4
Slime:5
Orc:1:    layout_caves, uniq_jorgrun, uniq_maurice, uniq_nergalle
Orc:2:    grunt_orc_community_town_hall, layout_caves,
          grunt_orc_community_big_house_1, grunt_orc_community_big_house_1,
          grunt_orc_community_house_3, grunt_orc_community_house_1,
          grunt_orc_community_house_3, grunt_orc_community_house_2,
          grunt_orc_community_house_3, uniq_azrael
Elf:1:    eino_elf_arrival_sip, layout_rooms, serial_shops, shop,
          minmay_elf_sorcery, serial_sigils_hangedman_gut,
          serial_sigils_hangedman_confine
Elf:2:    elven_hall_of_blades_hangedman_original
          [nicolae_blade_entry_floor_patterns], layout_gridlike,
          portal_ice_cave_entry_ice_statue_two, infiniplex_enter_wizlab_water,
          corner_web_ring, uniq_saint_roka
Elf:3:    elf_hall, layout_geoelf_grid, serial_shops, nicolae_diamond_shop
Vaults:1: hangedman_vaults_snaps, vaults_mumra_chevron_long, v_misc_25,
          nicolae_vaults_alarming, vaults_room_corners, grunt_vaults_funnel,
          nicolae_vaults_statue_guard, hangedman_vaults_stagger,
          vaults_room_pool, v_rooms_4, ontoclasm_vaults_misaligned,
          vaults_room_stairs_pillars, layout_vaults_omnibox, serial_shops,
          nicolae_shop_hallway_stairs
Vaults:2: gammafunk_ghost_mausoleum, nicolae_vaults_inception_scallops,
          minmay_crypt_entry_simple_walls, ontoclasm_vaults_eye,
          hangedman_vaults_pinch, nicolae_vaults_three_branches,
          hangedman_vaults_restitches, nicolae_vaults_theta, grunt_vaults_focal,
          nicolae_vaults_little_ls, layout_vaults_omnicross
Vaults:3: v_misc_32, ontoclasm_vaults_tryst, hangedman_vaults_variations,
          ontoclasm_vaults_fault, hangedman_vaults_maws, vaults_dpeg_hooks,
          st_more_cells, v_misc_30, v_misc_30, v_misc_2, vaults_room_pool,
          v_alt_pattern_1, nicolae_vaults_theta, layout_vaults_omnigrid
Vaults:4: ontoclasm_vaults_gateway, v_misc_13, ontoclasm_vaults_claustrophobia,
          ontoclasm_vaults_spin, vaults_mumra_chevron,
          nicolae_vaults_disjoint_gnomons, v_misc_18,
          nicolae_vaults_sealed_display, vaults_room_boxed, v_misc_3, v_misc_13,
          layout_vaults_ring, serial_shops, nicolae_shop_bloodbath_and_beyond,
          nicolae_square_shop, nicolae_shop_temple_entry_statues_fountains,
          uniq_zenata, uniq_margery
Vaults:5: uniq_xtahua, uniq_mara
Crypt:1:  layout_gridlike, minivault_14, st_stairs_13, grunt_ministairs_4
Crypt:2:  layout_basic, uniq_grunn, uniq_frederick, uniq_bai_suzhen
Crypt:3:  due_elkab, layout_chaotic_city
Tomb:1
Tomb:2
Tomb:3
Depths:1: layout_cave_shapes, dk_noncrumbling_4, abyss_entry_crystal,
          hangedman_tar_grid_catacomb, laboratory
Depths:2: minmay_coctagon, layout_gridlike, hell_entry,
          hangedman_abyss_or_decor_slice, rand_demon_pan_entry_4,
          abyss_entry_flame_altar
Depths:3: minmay_heptahexagon, layout_cave_pools, hangedman_abyss_entry_splay,
          serial_column_ruins, column_ruins_portal_hut,
          column_ruins_square_small, column_ruins_hut_ruined,
          column_ruins_open_tiny, column_ruins_open_medium, column_ruins_grid_1,
          column_ruins_grid_4, column_ruins_grid_1, special_room
          [special_room_magic_class], grunt_hell_entry_dis_mu,
          chequers_serial_rivers_large_b
Depths:4: evilmike_zot_entry_round, layout_gridlike, enter_ziggurat_a,
          minmay_misc_feat_tower, hell_entry, hangedman_abyss_or_decor_stagger,
          kennysheep_random_hallway, serial_bayou_shore_b
Zot:1:    layout_gridlike
Zot:2:    layout_concentric_octagons, hangedman_zot_wheel_spokes,
          zot_minivault_4
Zot:3:    hellmonk_paralyzer, layout_onion_interference
Zot:4:    layout_gridlike, gammafunk_ghost_door_vault, lemuel_flame_loot_1,
          uniq_josephina, uniq_parghit
Zot:5:    layout_basic, hangedman_zot_decor_scrapings

Skill      XL: |  1  2  3  4  5  6  7  8  9 10 11 12 13 14 15 16 17 18 19 20 21 22 23 24 25 26 27 |
---------------+----------------------------------------------------------------------------------+-----
Short Blades   | 2 3 4 5 7 8 9 10 | 10.0
Fighting       | 1 2 3 4 5 6 7 8 9 10 11 12 13 14 15 17 18 25 | 25.8
Hexes          | 4 5 6 7 8 9 11 12 13 14 16 17 20 21 22 27 | 27.0
Stealth        | 5 6 7 9 10 11 12 13 14 15 16 17 18 21 | 21.6
Dodging        | 3 4 5 6 7 8 9 10 11 12 13 14 15 17 18 24 | 24.4
Spellcasting   | 3 4 5 6 7 8 9 10 11 13 14 15 16 18 23 | 23.8
Earth Magic    | 2 4 5 7 8 |  8.0
Transmutations | 2 4 5 7 8 9 10 11 12 13 14 15 22 | 22.4
Evocations     | 2 5 6 8 10 11 13 22 | 22.4
Translocations | 3 5 |  5.0
Polearms       | 10 12 | 12.0
Shields        | 2 10 | 10.0
Conjurations   | 15 | 15.0
Ranged Weapons | 10 | 10.0

Action                     |  1- 3 |  4- 6 |  7- 9 | 10-12 | 13-15 | 16-18 | 19-21 | 22-24 | 25-27 || total
---------------------------+-------+-------+-------+-------+-------+-------+-------+-------+-------++-------
  Melee: Dagger            |    69 |    21 |       |       |   596 |  1106 |   615 |    35 |  2191 ||  4633
         Constrict         |    11 |    15 |    62 |    61 |    68 |   130 |    47 |   142 |   470 ||  1006
         Tentacles         |    13 |    17 |    64 |   141 |   175 |   328 |   222 |   429 |  1813 ||  3202
         Unarmed           |     5 |       |       |       |       |       |       |       |       ||     5
         Punch             |     2 |       |     7 |    14 |     8 |    21 |    16 |    30 |    92 ||   190
         Short sword       |       |    52 |   265 |   459 |    18 |       |       |       |       ||   794
         Lance             |       |       |       |       |       |       |     5 |  1174 |  2032 ||  3211
  Throw: Javelin           |       |     1 |       |       |       |       |       |       |       ||     1
         Dart              |       |       |       |     1 |     2 |       |       |       |       ||     3
         Throwing net      |       |       |       |       |       |       |       |       |     1 ||     1
   Cast: Ensorcelled Hiber |       |    30 |    44 |    72 |   145 |    69 |       |       |       ||   360
         Tukima's Dance    |       |     1 |    10 |    20 |    22 |    18 |     8 |     2 |     4 ||    85
         Confusing Touch   |       |       |     1 |    29 |    12 |       |       |       |       ||    42
         Dazzling Flash    |       |       |       |       |    17 |     3 |       |       |       ||    20
         Passwall          |       |       |       |       |     1 |       |     2 |       |       ||     3
         Enfeeble          |       |       |       |       |     8 |    87 |    95 |   127 |   211 ||   528
         Statue Form       |       |       |       |       |       |    49 |    52 |    81 |   221 ||   403
         Cause Fear        |       |       |       |       |       |     3 |     1 |       |       ||     4
         Summon Mana Viper |       |       |       |       |       |     1 |       |       |     6 ||     7
         Discord           |       |       |       |       |       |       |    38 |    77 |   236 ||   351
         Blink             |       |       |       |       |       |       |       |       |     1 ||     1
 Invoke: Potion Petition   |       |       |       |       |     1 |       |     1 |     2 |    18 ||    22
         Call Merchant     |       |       |       |       |       |     5 |     2 |     4 |     3 ||    14
Ability: Evoke Invisibilit |       |       |       |       |       |       |       |       |     2 ||     2
  Evoke: Wand              |       |       |     6 |       |     7 |       |     1 |     3 |       ||    17
         Phantom mirror    |       |       |       |       |       |       |       |     3 |     1 ||     4
         Tin of tremorston |       |       |       |       |       |       |       |     7 |    13 ||    20
         Phial of floods   |       |       |       |       |       |       |       |     1 |     1 ||     2
         Condenser vane    |       |       |       |       |       |       |       |       |     9 ||     9
    Use: Potion            |     1 |     1 |     4 |     5 |     5 |     4 |     1 |     8 |    37 ||    66
         Scroll            |     4 |     2 |    12 |    10 |    20 |     2 |    10 |    15 |    34 ||   109
   Stab: Sleeping          |    13 |    24 |    47 |    49 |   104 |   100 |    38 |    23 |    41 ||   439
         Distracted        |     1 |     1 |     1 |     5 |    33 |    60 |    38 |    29 |   239 ||   407
         Confused          |       |       |       |    39 |    10 |     1 |       |       |       ||    50
         Invisible         |       |       |       |       |    16 |    71 |    68 |   119 |   150 ||   424
         Held in net/web   |       |       |       |       |       |       |       |       |     4 ||     4
 Armour: Skin              |     9 |     2 |    25 |    36 |    34 |   237 |   167 |   328 |   746 ||  1584
  Dodge: Dodged            |    26 |    59 |   175 |   362 |   606 |  1568 |   846 |  1255 |  4158 ||  9055
  Block: Buckler           |       |       |       |       |       |       |       |       |  1743 ||  1743
         Reflection        |       |       |       |       |       |       |       |       |   124 ||   124

Table legend: (Time is in decaauts)
 A = Elapsed time spent in this place.
 B = Non-inter-level travel time spent in this place.
 C = Inter-level travel time spent in this place.
 D = Time resting spent in this place.
 E = Time spent auto-exploring this place.
 F = Levels seen in this place.
 G = Mean time per level.
                   A        B        C        D        E       F      G
               +--------+--------+--------+--------+--------+-----+--------+
         Total | 106154 |  97948 |   8206 |   4054 |  70799 |  95 | 1117.4 |
       Dungeon |  24611 |  22088 |   2523 |   1104 |  17294 |  15 | 1640.7 |
        Temple |     70 |     70 |      0 |      0 |      0 |   1 |   70.0 |
          Lair |   7528 |   6269 |   1259 |     16 |   5109 |   5 | 1505.6 |
         Swamp |   3839 |   3532 |    307 |     68 |   2576 |   4 |  959.8 |
     Snake Pit |   5663 |   5491 |    172 |     20 |   4163 |   4 | 1415.8 |
    Slime Pits |   4106 |   3876 |    230 |     55 |   2990 |   5 |  821.2 |
  Orcish Mines |   2354 |   2164 |    190 |    198 |   1538 |   2 | 1177.0 |
   Elven Halls |   4176 |   3919 |    257 |     69 |   2968 |   3 | 1392.0 |
        Vaults |  11187 |  10302 |    885 |    238 |   7846 |   5 | 2237.4 |
         Crypt |   6063 |   5779 |    284 |    117 |   4352 |   3 | 2021.0 |
          Tomb |   7700 |   7259 |    441 |    768 |   4711 |   3 | 2566.7 |
        Depths |   7575 |   6547 |   1028 |     85 |   4851 |   4 | 1893.8 |
           Zot |   9100 |   8473 |    627 |    310 |   6208 |   5 | 1820.0 |
         Abyss |   1805 |   1805 |      0 |    106 |    828 |   6 |  300.8 |
      Ziggurat |   8646 |   8646 |      0 |    764 |   4606 |  27 |  320.2 |
       Ossuary |    272 |    272 |      0 |      0 |    166 |   1 |  272.0 |
        Wizlab |    968 |    968 |      0 |      3 |    456 |   1 |  968.0 |
      Gauntlet |    484 |    484 |      0 |    131 |    133 |   1 |  484.0 |
               +--------+--------+--------+--------+--------+-----+--------+

Top non-repeatable levels by time:
  Tomb:1: 4705 daAuts
    D:15: 3181 daAuts
Vaults:5: 3010 daAuts
 Crypt:3: 2951 daAuts
    D:13: 2943 daAuts
   Zot:4: 2486 daAuts
Depths:1: 2482 daAuts
   Zot:5: 2429 daAuts
     D:4: 2414 daAuts
Vaults:4: 2274 daAuts
 Snake:4: 2262 daAuts
    D:11: 2234 daAuts
Vaults:3: 2211 daAuts
Depths:3: 1991 daAuts
Vaults:2: 1988 daAuts
